 Dungeon Crawl Stone Soup version 0.25.0-9-g26727b657a (webtiles) character file.

Game seed: 18329357595935221651

10672082 jazmu the Archmage (level 27, 218/218 HPs)
             Began as a Gargoyle Earth Elementalist on June 16, 2020.
             Was the Champion of the Shining One.
             Escaped with the Orb
             ... and 15 runes on June 18, 2020!
             The game lasted 12:01:42 (165283 turns).

jazmu the Archmage (Gargoyle Earth Elementalist)  Turns: 165283, Time: 12:01:43

Health: 218/218    AC: 67    Str: 22    XL:     27
Magic:  70/70      EV: 18    Int: 33    God:    the Shining One [******]
Gold:   28929      SH: 33    Dex: 10    Spells: 8/80 levels left

rFire    + + .     SeeInvis .   p - +9 broad axe (holy)
rCold    + + +     Gourm    .   g - +2 tower shield of Vlad {+Inv rElec Str+3 Slay+2}
rNeg     + + +     Faith    .   i - +9 plate armour "Qoxiur" {Slay+2}
rPois    ∞         Spirit   .   (no helmet)
rElec    +         Reflect  +   K - +3 cloak of the Quahog {rF+ rC+}
rCorr    .         Harm     .   y - +3 pair of gauntlets of War {Slay+5}
MR       ++...                  I - +2 pair of boots "Zeal" {Str+4 Slay+3}
Stlth    +.........             Q - amulet of Charity {Reflect rPois rC+ rN+ SH+5}
HPRegen  0.46/turn              x - ring of Fausaev {rC++ Int+9 Stlth-}
MPRegen  0.42/turn              h - ring "Vejepa" {rF+ rC- Slay+5}

@: flying, glowing
A: big wings, blurry vision 1, cold resistance 1, dopey 1, high mp 3, negative
energy resistance 1, robust 1, shaggy fur 1, electricity resistance,
unbreathing, petrification resistance, rot immunity, MP-powered wands, AC +20
0: Orb of Zot
}: 15/15 runes: serpentine, barnacled, slimy, silver, golden, iron, obsidian,
icy, bone, abyssal, demonic, glowing, magical, fiery, dark
a: Stop Flying, Divine Shield, Cleansing Flame, Summon Divine Warrior, Renounce
Religion, Evoke Invisibility


You escaped.
You worshipped the Shining One.
The Shining One was exalted by your worship.
You were not hungry.

You visited 18 branches of the dungeon, and saw 90 of its levels.
You visited Pandemonium 1 time, and saw 27 of its levels.
You visited the Abyss 4 times.
You visited 4 ziggurats (completing 3), and saw 97 of their levels.
You also visited: Ice Cave and Volcano.

You collected 32945 gold pieces.
You spent 4016 gold pieces at shops.

Inventory:

Hand Weapons
 p - a +9 broad axe of holy wrath (weapon)
 v - the +9 staff of Wucad Mu {channel}
   (You acquired it on level 8 of a ziggurat)
 G - the +6 sword of Cerebov {flame}
   (You took it off Cerebov in Pandemonium)

   It has been specially enchanted to burn those struck by it, causing extra
   injury to most foes and up to half again as much damage against particularly
   susceptible opponents.
   Big, fiery blades are also staple armaments of hydra-hunters.
   The Shining One disapproves of the use of such an item.
 J - a +3 scimitar of holy wrath
 P - the +2 mace "Zyitid Vistu" {speed, rC+ MR+ Str-3 Int+7}
   (You found it on level 7 of the Dungeon)

   Attacks with this weapon are significantly faster.
   It affects your strength (-3).
   It affects your intelligence (+7).
   It protects you from cold.
   It affects your resistance to hostile enchantments.
Missiles
 o - 96 silver javelins (quivered)
Armour
 a - the +2 helmet "Keumaqud" {MP+9 Stlth+}
   (You found it on level 3 of the Tomb of the Ancients)

   It affects your magic capacity (+9).
   It makes you more stealthy.
 g - the +2 tower shield of Vlad (worn) {+Inv rElec Str+3 Slay+2}
   (You took it off a daeva on level 15 of a ziggurat)

   It affects your strength (+3).
   It affects your accuracy and damage with ranged weapons and melee attacks
   (+2).
   It insulates you from electricity.
   It lets you turn invisible.
 i - the +9 plate armour "Qoxiur" (worn) {Slay+2}
   (You found it on level 27 of a ziggurat)

   It affects your accuracy and damage with ranged weapons and melee attacks
   (+2).
 n - the +4 helmet of Pubriava {rF- Str+5 Dex+3}
   (You bought it in a shop on level 2 of the Orcish Mines)

   It affects your strength (+5).
   It affects your dexterity (+3).
   It makes you vulnerable to fire.
 y - the +3 pair of gauntlets of War (worn) {Slay+5}
   (You found it on level 12 of a ziggurat)

   It affects your accuracy and damage with ranged weapons and melee attacks
   (+5).
 F - the +2 kite shield of Resonance {rF+}
   (You found it on level 18 of a ziggurat)

   It protects you from fire.
 I - the +2 pair of boots "Zeal" (worn) {Str+4 Slay+3}
   (You found it on level 11 of a ziggurat)

   It affects your strength (+4).
   It affects your accuracy and damage with ranged weapons and melee attacks
   (+3).
 K - the +3 cloak of the Quahog (worn) {rF+ rC+}
   (You acquired it on level 20 of a ziggurat)

   It protects you from fire.
   It protects you from cold.
 M - the -1 helmet of the Kettle-Drum {rElec rF++ Dex+3}
   (You found it on level 17 of a ziggurat)

   It affects your dexterity (+3).
   It greatly protects you from fire.
   It insulates you from electricity.
 X - a +2 tower shield of reflection
 Z - the +1 robe of the Sun {rC+ rCorr Slay-6}
   (You found it in Pandemonium)

   It affects your accuracy and damage with ranged weapons and melee attacks
   (-6).
   It protects you from cold.
   It provides partial protection from all sources of acid and corrosion.
Jewellery
 b - the ring "Doimm" {rPois rN+ rCorr Dex+4 Slay+2}
   (You found it on level 13 of a ziggurat)

   [ring of resist corrosion]

   It affects your dexterity (+4).
   It affects your accuracy and damage with ranged weapons and melee attacks
   (+2).
   It protects you from poison.
   It protects you from negative energy.
   It provides partial protection from all sources of acid and corrosion.
 f - the ring "Tuosol" {rCorr Int+2 SInv}
   (You found it on level 22 of a ziggurat)

   [ring of resist corrosion]

   It affects your intelligence (+2).
   It lets you see invisible.
   It provides partial protection from all sources of acid and corrosion.
 h - the ring "Vejepa" (right hand) {rF+ rC- Slay+5}
   (You found it on level 22 of a ziggurat)

   [ring of protection from fire]

   It affects your accuracy and damage with ranged weapons and melee attacks
   (+5).
   It protects you from fire.
   It makes you vulnerable to cold.
 l - the amulet of Nenat {RegenMP Str+4 Int+4}
   (You acquired it on level 3 of the Elven Halls)

   [amulet of magic regeneration]

   It increases your magic regeneration.
   It affects your strength (+4).
   It affects your intelligence (+4).
 x - the ring of Fausaev (left hand) {rC++ Int+9 Stlth-}
   (You found it on level 3 of the Tomb of the Ancients)

   [ring of attention]

   It affects your intelligence (+9).
   It greatly protects you from cold.
   It makes you less stealthy.
 C - an uncursed ring of see invisible
 H - the amulet "Riddokics" {Acrobat *Drain rN+ Int+4 Dex+2}
   (You found it in Pandemonium)

   [amulet of the acrobat]

   It helps you evade while moving and waiting.
   It affects your intelligence (+4).
   It affects your dexterity (+2).
   It protects you from negative energy.
   It causes draining when unequipped.
 N - the ring "Obudysest" {rF+ MP+9 Int+3 Dex+2}
   (You found it on level 24 of a ziggurat)

   [ring of magical power]

   It affects your intelligence (+3).
   It affects your dexterity (+2).
   It protects you from fire.
   It affects your magic capacity (+9).
 O - a +4 ring of evasion
 Q - the amulet of Charity (around neck) {Reflect rPois rC+ rN+ SH+5}
   (You found it on level 15 of a ziggurat)

   [amulet of reflection]

   It shields you and reflects attacks.
   It protects you from cold.
   It protects you from poison.
   It protects you from negative energy.
   It affects your SH (+5).
 R - the amulet "Lestuzosh" {Acrobat rPois rC+ Dex+4 SInv}
   (You found it in Pandemonium)

   [amulet of the acrobat]

   It helps you evade while moving and waiting.
   It affects your dexterity (+4).
   It protects you from cold.
   It protects you from poison.
   It lets you see invisible.
 W - the ring "Zaferr" {rF++ Dex+6}
   (You found it on level 8 of a ziggurat)

   [ring of dexterity]

   It affects your dexterity (+6).
   It greatly protects you from fire.
Wands
 r - a wand of iceblast (8)
 V - a wand of acid (98)
Scrolls
 j - 99 scrolls of remove curse
 k - 49 scrolls of fog
 m - 13 scrolls of magic mapping
 s - 25 scrolls of identify
 t - 8 scrolls of fear
 w - 83 scrolls of teleportation
 B - 2 scrolls of brand weapon
 E - 16 scrolls of blinking
 T - 3 scrolls of amnesia
 Y - 4 scrolls of silence
Potions
 c - 3 potions of magic
 e - 24 potions of cancellation
 q - 5 potions of heal wounds
 u - 4 potions of stabbing
 z - 28 potions of curing
 A - 10 potions of resistance
 D - 3 potions of might
 L - 15 potions of brilliance
 S - 6 potions of haste
 U - 12 potions of mutation
Comestibles
 d - 73 rations


   Skills:
 O Level 27 Fighting
   Level 3.3 Short Blades
 O Level 27 Axes
   Level 0.1(18.7) Polearms
 - Level 20.0 Throwing
 O Level 27 Armour
 O Level 27 Dodging
 - Level 17.7 Stealth
 O Level 27 Shields
 O Level 27 Spellcasting
 O Level 27 Conjurations
 - Level 7.4 Summonings
   Level 12.9 Necromancy
 + Level 23.8 Translocations
   Level 21.5 Transmutations
 O Level 27 Fire Magic
 O Level 27 Ice Magic
 - Level 26.7 Air Magic
 - Level 12.2 Earth Magic
 - Level 24.1 Invocations
 - Level 24.1 Evocations


You had 8 spell levels left.
You knew the following spells:

 Your Spells              Type           Power        Failure   Level  Hunger
a - Tornado               Air            ########..   3%          9    ###....
b - Bolt of Magma         Conj/Fire/Erth ########..   0%          5    None
c - Controlled Blink      Tloc           N/A          1%          8    None
d - Lee's Rapid Deconstr  Erth           #######...   1%          5    None
e - Fire Storm            Conj/Fire      ########..   3%          9    ###....
f - Ignition              Fire           ########..   1%          8    None
g - Lehudib's Crystal Sp  Conj/Erth      ########..   4%          8    None
h - Apportation           Tloc           ######       0%          1    None
i - Aura of Abjuration    Summ           #######...   2%          5    None
j - Absolute Zero         Ice            ########..   3%          9    ###....
k - Silence               Hex/Air        #######...   1%          5    None

Your spell library contained the following spells:

 Spells                   Type           Power        Failure   Level  Hunger
 Animate Skeleton         Necr           N/A          0%          1    None
 Beastly Appendage        Tmut           ######       0%          1    None
 Foxfire                  Conj/Fire      ####         0%          1    None
 Freeze                   Ice            ####         0%          1    None
 Magic Dart               Conj           ####         0%          1    None
 Pain                     Necr           ####         0%          1    None
 Sandblast                Erth           ######       0%          1    None
 Shock                    Conj/Air       ####         0%          1    None
 Blink                    Tloc           N/A          0%          2    None
 Corpse Rot               Necr/Air       N/A          0%          2    None
 Ensorcelled Hibernation  Hex/Ice        ######       0%          2    None
 Passwall                 Tmut/Erth      ########     0%          2    None
 Poisonous Vapours        Pois/Air       ######       0%          2    None
 Searing Ray              Conj           ######       0%          2    None
 Sticks to Snakes         Tmut           ########     0%          2    None
 Swiftness                Chrm/Air       #######.     0%          2    None
 Conjure Flame            Conj/Fire      ########     0%          3    None
 Frozen Ramparts          Ice            ######       0%          3    None
 Gell's Gravitas          Tloc           ########..   0%          3    None
 Ignite Poison            Fire/Tmut/Pois ########     0%          3    None
 Lesser Beckoning         Tloc           ########..   0%          3    None
 Mephitic Cloud           Conj/Pois/Air  ########     0%          3    None
 Recall                   Summ/Tloc      N/A          0%          3    None
 Static Discharge         Conj/Air       ########     0%          3    None
 Stone Arrow              Conj/Erth      ######       0%          3    None
 Teleport Other           Tloc           ########     0%          3    None
 Airstrike                Air            ########..   0%          4    None
 Hailstorm                Conj/Ice       ########     0%          4    None
 Ice Form                 Ice/Tmut       ########     0%          4    None
 Iskenderun's Mystic Bla  Conj/Tloc      ########     0%          4    None
 Sticky Flame             Conj/Fire      ########     0%          4    None
 Summon Ice Beast         Ice/Summ       ########     0%          4    None
 Summon Lightning Spire   Summ/Air       ########     0%          4    None
 Blade Hands              Tmut           ########..   0%          5    None
 Fireball                 Conj/Fire      ########..   0%          5    None
 Irradiate                Conj/Tmut      ########..   0%          5    None
 Lightning Bolt           Conj/Air       ########..   0%          5    None
 Conjure Ball Lightning   Conj/Air       ########..   0%          6    None
 Dispersal                Tloc           ########..   0%          6    None
 Freezing Cloud           Conj/Ice/Air   ########..   0%          6    None
 Ozocubu's Refrigeration  Ice            ########..   0%          6    None
 Starburst                Conj/Fire      ########..   0%          6    None
 Corona                   Hex            #####..      1%          1    None
 Infusion                 Chrm           ####         1%          1    None
 Sting                    Tmut/Pois      ####         1%          1    None
 Summon Butterflies       Summ           #######.     1%          1    None
 Summon Small Mammal      Summ           ####         1%          1    None
 Call Imp                 Summ           #######.     1%          2    None
 Shroud of Golubria       Chrm/Tloc      ######       1%          2    None
 Call Canine Familiar     Summ           #######.     1%          3    None
 Dazzling Flash           Conj/Hex       ######       1%          3    None
 Inner Flame              Hex/Fire       #######.     1%          3    None
 Ozocubu's Armour         Chrm/Ice       #######.     1%          3    None
 Portal Projectile        Hex/Tloc       ######       1%          3    None
 Spider Form              Tmut/Pois      #######...   1%          3    None
 Summon Guardian Golem    Hex/Summ       ######..     1%          3    None
 Vampiric Draining        Necr           #######...   1%          3    None
 Animate Dead             Necr           N/A          1%          4    None
 Dispel Undead            Necr           #######.     1%          4    None
 Fulminant Prism          Conj/Hex       #######...   1%          4    None
 Leda's Liquefaction      Hex/Erth       ######....   1%          4    None
 Petrify                  Tmut/Erth      ########     1%          4    None
 Agony                    Necr           #######.     1%          5    None
 Alistair's Intoxication  Tmut/Pois      #######.     1%          5    None
 Borgnjor's Vile Clutch   Necr/Erth      #######...   1%          5    None
 Iskenderun's Battlesphe  Conj/Chrm      #######.     1%          5    None
 Metabolic Englaciation   Hex/Ice        #######...   1%          5    None
 Summon Forest            Summ/Tloc      #######...   1%          5    None
 Yara's Violent Unravell  Hex/Tmut       #######...   1%          5    None
 Death Channel            Necr           #######...   1%          6    None
 Hydra Form               Tmut           ########..   1%          6    None
 Iron Shot                Conj/Erth      ########..   1%          6    None
 Simulacrum               Ice/Necr       ########..   1%          6    None
 Dragon Form              Tmut           ########..   1%          7    None
 Orb of Destruction       Conj           ########..   1%          7    None
 Spellforged Servitor     Conj/Summ      ########..   1%          7    None
 Chain Lightning          Conj/Air       ########..   1%          8    None
 Disjunction              Tloc           ########..   1%          8    None
 Slow                     Hex            #####...     2%          2    None
 Song of Slaying          Chrm           #####...     2%          2    None
 Summon Demon             Summ           #######...   2%          5    None
 Malign Gateway           Summ/Tloc      #######...   2%          7    None
 Excruciating Wounds      Chrm/Necr      ######....   3%          5    None
 Eringya's Noxious Bog    Tmut/Pois      #######...   3%          6    None
 Confusing Touch          Hex            #####...     5%          3    None
 Spectral Weapon          Hex/Chrm       #####...     5%          3    None
 Tukima's Dance           Hex            #####...     5%          3    None
 Ring of Flames           Chrm/Fire      #######...   6%          7    None
 Necromutation            Tmut/Necr      ########..   11%         8    None
 Summon Mana Viper        Hex/Summ       ######..     12%         5    None
 Shadow Creatures         Summ           N/A          14%         6    None
 Cause Fear               Hex            #####.....   19%         4    None
 Olgreb's Toxic Radiance  Pois           #####...     19%         4    None
 Haunt                    Necr/Summ      #######...   24%         7    None
 Borgnjor's Revivificati  Necr           #######...   52%         8    None
 Infestation              Necr           #######...   52%         8    None
 Monstrous Menagerie      Summ           #######...   58%         7    None
 Summon Greater Demon     Summ           #######...   58%         7    None
 Summon Hydra             Summ           #######...   58%         7    None
 Darkness                 Hex            #####.....   96%         6    None
 Invisibility             Hex            #####...     96%         6    None
 Summon Horrible Things   Summ           #######...   99%         8    None
 Death's Door             Chrm/Necr      ######....   100%        8    None
 Discord                  Hex            #####.....   100%        8    None
 Dragon's Call            Summ           #######...   100%        9    ###....
 Shatter                  Erth           #######...   100%        9    ###....
 Sublimation of Blood     Necr           Unusable     N/A         2    N/A
 Passage of Golubria      Tloc           Unusable     N/A         4    N/A
 Statue Form              Tmut/Erth      Unusable     N/A         6    N/A

Dungeon Overview and Level Annotations

Branches:
Dungeon (15/15)            Temple (1/1) D:6            Lair (6/6) D:8
 Shoals (4/4) Lair:4        Snake (4/4) Lair:2        Slime (5/5) Lair:5
    Orc (2/2) D:12            Elf (3/3) Orc:2        Vaults (5/5) D:13
  Crypt (3/3) Vaults:2       Tomb (3/3) Crypt:3      Depths (5/5) D:15
   Hell (visited)             Dis (7/7) Hell            Geh (7/7) Hell
    Coc (7/7) Hell            Tar (7/7) Hell            Zot (5/5) Depths:5
  IceCv (visited)         Volcano (visited)

Altars:
Ashenzari
Cheibriados
Dithmenos
Elyvilon
Fedhas
Gozag
Hepliaklqana
Kikubaaqudgha
Makhleb
Nemelex Xobeh
Okawaru
Qazlal
Ru
Sif Muna
Trog
Uskayaw
Vehumet
Wu Jian
Xom
Yredelemnul
Zin
The Shining One
Jiyva

Shops:
D:10 *   Orc:2 %[*}}   Elf:1 !%%   Elf:2 *   Elf:3 [   Snake:3 [   Vaults:1 *
Vaults:3 }:%*(   Vaults:4 }   Zot:3 *   Depths:1 }=}   Depths:4 (   Depths:5 :(

Portals:
Hell: Depths:1 Depths:2 Depths:3 Depths:4 Depths:5
Abyss: Lair:1 Depths:3 Depths:4
Pandemonium: Depths:3 Depths:4 Depths:5

Annotations:
Lair:1 2 transporters, Keadol's ghost, journeyman DrCj


Innate Abilities, Weirdness & Mutations

You are resistant to torment.
Your stone body is resilient. (AC +20)
You are immune to poison.
Your large and strong wings let you fly indefinitely.
You resist negative energy. (rN+)
You are resistant to electric shocks. (rElec)
You can survive without breathing.
You are immune to petrification.
You are immune to rotting.
Scrolls take you a little longer to read.
Your flesh is cold resistant. (rC+)
You are dopey. (Int -2)
You have a greatly increased reservoir of magic. (+30% MP)
You are robust. (+10% HP)
You are covered in fur. (AC +1)
You expend magic power (3 MP) to strengthen your wands.


Message History

You can't go up here!
Unknown command.
HP restored.
You see here 7 atropa-tipped darts.
A red devil comes into view. It is wielding a +0 trident.
A hellion comes into view.
You slice the hellion!!
The hellion convulses!!
You kill the hellion!
The Shining One accepts your kill. You block the red devil's attack.
You slash the red devil!
The red devil convulses!
The red devil is almost dead.
You block the red devil's attack.
You slice the red devil!!
You kill the red devil!
The Shining One accepts your kill.
No target in view!
No target in view!
There is a staircase leading out of the dungeon here.
You have escaped!

...................######## ####
.......##..........(......# ###..
.......##..........######.# #...#
.......##..........# #.###...#
.......##.........)######..##....
###.######..............##.......
#.# ##...............####..##.
#.# #................# ##.###
#.####........@.......# #..##
#.##.............8....# ##.##
#.##.#............♣...# #...
###.##.#.#..............# ###.
.....#.#.##.............# ##
.........######.........# #
.........### ###########
#.##.......### ############
..##..#.##...####### #.........##


There were no monsters in sight!

Vanquished Creatures
  Cerebov (Pan)
  Antaeus (Coc:7)
  Asmodeus (Geh:7)
  the Royal Jelly (Slime:5)
  Gloorx Vloq (Pan)
  Ereshkigal (Tar:7)
  Mnoleg (Pan)
  Lom Lobon (Pan)
  4 orbs of fire
  Tiamat (Zot:1)
  Dispater (Dis:7)
  85 pandemonium lords
  22 ancient liches
  22 juggernauts
  Sojobo (Depths:1)
  48 greater mummies
  6 shard shrikes
  31 Killer Klowns
  Boris (Crypt:3)
  Bai Suzhen (D:15)
  Margery (Vaults:4)
  A caustic shrike (Zig:3)
  Frederick (Crypt:2)
  Xtahua (Vaults:5)
  5 curse toes
  A caustic shrike (shapeshifter) (Zig:23)
  Nikola (Shoals:1)
  6 profane servitors
  Geryon (Hell)
  44 golden dragons
  23 pearl dragons
  5 electric golems
  35 bone dragons
  11 doom hounds
  28 Brimstone Fiends
  34 Tzitzimimeh
  33 liches
  14 iron giants
  5 hellephants
  Jorgrun (D:14)
  30 Ice Fiends
  43 tentacled monstrosities
  36 Hell Sentinels
  26 Orb Guardians
  25 deep elf master archers
  2 quicksilver dragons (shapeshifter)
  28 deep elf blademasters
  43 acid blobs
  23 quicksilver dragons
  24 titans
  Asterion (Elf:2)
  3 sphinxes (shapeshifter)
  3 eldritch tentacles
  11 death cobs
  44 tentacled starspawn
  45 Executioners
  41 ancient champions
  17 storm dragons
  Kirke (Shoals:4)
  21 sphinxes
  2 shadow dragons (shapeshifter)
  169 nagarajas
  19 shadow dragons
  A thorn hunter (Zig:10)
  30 revenants
  31 draconian monks
  Donald (Shoals:2)
  26 azure jellies
  3 azure jellies (shapeshifter)
  Roxanne (Snake:1)
  14 fire giants
  6 tengu reavers
  17 frost giants
  2 fire giants (shapeshifter)
  11 iron dragons
  24 vault wardens
  4 frost giants (shapeshifter)
  24 daevas
  Aizul (Snake:2)
  60 balrugs
  43 cacodemons
  14 ghouls
  49 orc warlords
  18 emperor scorpions
  30 draconian stormcallers
  36 ghost moths
  8 deep elf elementalists
  19 draconian shifters
  2 juggernaut zombies
  28 draconian knights
  10 deep elf sorcerers
  25 curse skulls
  39 draconian scorchers
  3 elemental wellsprings (Coc:7)
  28 angels
  40 draconian annihilators
  4 caustic shrike zombies
  22 warmongers
  90 reapers
  64 stone giants
  27 ophanim
  7 caustic shrike skeletons
  28 war gargoyles
  23 ironheart preservers
  33 very ugly things
  23 black suns
  3 juggernaut skeletons
  A stone giant (shapeshifter) (Zig:26)
  26 blood saints
  2 spriggan defenders
  10 bennus
  29 apis
  24 vampire knights
  39 corrupters
  23 lorocyprocas
  39 deep elf demonologists
  35 entropy weavers
  4 dire elephants (shapeshifter)
  28 green draconians
  32 black draconians
  Azrael (Elf:2)
  26 purple draconians
  13 spark wasps
  20 white draconians
  34 deep elf annihilators
  31 yellow draconians
  22 red draconians
  2 dire elephants
  50 blizzard demons
  27 ettins
  29 merfolk javelineers
  27 eidola
  6 jiangshi
  2 crystal guardians (Depths:2)
  4 death oozes
  50 mummy priests
  3 quicksilver dragon zombies
  26 yaktaur captains
  10 fire dragons
  69 green deaths
  26 deep elf death magi
  22 merfolk impalers
  16 ogre magi
  36 deep elf high priests
  30 great orbs of eyes
  30 vault guards
  39 naga warriors
  18 rakshasas
  22 ice dragons
  12 monstrous demonspawn (Pan)
  34 hydras
  4 kraken zombies
  18 hell beasts
  Harold (D:9)
  2 caustic shrike simulacra
  7 quicksilver dragon skeletons
  38 anacondas
  14 alligator snapping turtles
  12 merfolk avatars
  3 catoblepae
  6 death knights
  10 alligators
  25 shambling mangroves
  9 spriggan air magi
  11 centaur warriors
  7 satyrs
  4 tengu warriors
  42 merfolk aquamancers
  43 two-headed ogres
  3 two-headed ogres (shapeshifter)
  5 ghost crabs
  2 anacondas (shapeshifter)
  12 titan zombies
  27 vampire magi
  10 death yaks
  Urug (D:12)
  41 death scarabs
  A queen ant (shapeshifter) (Zig:23)
  41 orc high priests
  43 hell hogs
  9 spriggan berserkers
  6 deep troll shamans
  60 naga sharpshooters
  102 dancing weapons
  11 deep troll earth magi
  3 shock serpents (shapeshifter)
  43 shock serpents
  45 soul eaters
  83 thrashing horrors
  66 small abominations
  10 storm dragon zombies
  12 spriggans
  9 iron golems
  77 sun demons
  68 deep elf knights
  26 shadow wraiths
  40 iron trolls
  36 sea snakes
  8 titan skeletons
  31 cherubim
  2 sea snakes (shapeshifter)
  114 skeletal warriors
  8 golden dragon zombies
  33 wretched stars
  21 death drakes
  48 sixfirhies
  13 spatial maelstroms
  8 salamander mystics
  8 storm dragon skeletons
  2 death drakes (shapeshifter)
  A fire crab (shapeshifter) (Zig:8)
  17 infernal demonspawn
  4 iron trolls (shapeshifter)
  6 spriggan druids
  A spark wasp zombie (Zig:8)
  2 ghost moth zombies
  44 hell knights
  10 unseen horrors
  38 flayed ghosts
  9 anaconda zombies
  7 gelid demonspawn
  2 swamp dragons (shapeshifter)
  12 torturous demonspawn (Pan)
  9 wizards
  28 deep trolls
  A deep troll (shapeshifter) (Zig:23)
  3 golden dragon skeletons
  23 ironbrand convokers
  28 orc knights
  30 phantasmal warriors
  4 anaconda skeletons
  51 deep elf archers
  A glowing orange brain (shapeshifter) (Zig:9)
  2 lindwurms (Depths:3)
  18 naga ritualists
  An orange crystal statue (Tomb:1)
  9 wolf spider zombies
  9 glowing orange brains
  33 shadow demons
  26 swamp dragons
  14 necromancers
  6 fire giant zombies
  3 obsidian statues
  5 sphinx zombies
  2 lindwurms (shapeshifter)
  38 orb spiders
  21 mana vipers
  15 shadow dragon zombies
  11 iron dragon zombies
  168 deep elf magi
  38 orc sorcerers
  7 tengu zombies
  3 mana vipers (shapeshifter)
  2 harpies (shapeshifter)
  42 harpies
  22 manticores
  27 wolf spiders
  An orb spider (shapeshifter) (Zig:23)
  4 tengu skeletons
  2 wolf spiders (shapeshifter)
  19 cyclopes
  2 sphinx skeletons (Zig:25)
  7 frost giant zombies
  32 fauns
  2 fauns (shapeshifter)
  10 shadow dragon skeletons
  2 manticores (shapeshifter) (Zig:15)
  5 stone giant zombies
  42 ugly things
  2 moths of wrath (shapeshifter)
  20 elephants
  11 salamanders
  20 shining eyes
  2 cyclopes (shapeshifter)
  2 shining eyes (shapeshifter)
  4 dire elephant zombies
  69 moths of wrath
  16 worldbinders
  58 rust devils
  A toenail golem (Abyss:4)
  12 ice statues
  An eye of devastation (shapeshifter) (Zig:8)
  22 merfolk sirens
  62 guardian serpents
  5 iron dragon skeletons
  32 water nymphs
  10 eyes of devastation
  11 frost giant skeletons
  A guardian serpent (shapeshifter) (Depths:1)
  An elephant (shapeshifter) (Zig:18)
  23 vault sentinels
  4 spriggan zombies
  3 shock serpent zombies
  3 water nymphs (shapeshifter)
  A black mamba (shapeshifter) (Abyss:4)
  6 fire giant skeletons
  68 naga magi
  84 smoke demons
  15 molten gargoyles
  A storm dragon simulacrum (Zig:23)
  114 black mambas
  25 apocalypse crabs
  23 spiny frogs
  2 catoblepas zombies
  40 orange demons
  3 torpor snails
  5 stone giant skeletons
  5 gargoyles
  9 dire elephant skeletons
  A minotaur zombie (Dis:6)
  A yaktaur zombie (Vaults:3)
  2 komodo dragons (shapeshifter)
  2 spiny frogs (shapeshifter)
  58 yaktaurs
  64 hellions
  2 shock serpent skeletons
  3 emperor scorpion zombies
  A rime drake (Lair:6)
  3 anaconda simulacra (IceCv)
  A grey draconian skeleton (Crypt:3)
  10 efreet
  7 komodo dragons
  3 tengu conjurers
  37 ancient zymes
  2 kobold demonologists
  2 golden dragon simulacra
  66 tormentors
  53 freezing wraiths
  A yaktaur (shapeshifter) (Zig:10)
  29 demonic crawlers
  68 ice devils
  118 guardian mummies
  95 merfolk
  40 hellwings
  20 jumping spiders
  59 red devils
  3 harpy zombies
  18 hydra zombies
  27 trolls
  A wolf spider simulacrum (D:15)
  A meliai (shapeshifter) (Abyss:3)
  A polar bear (shapeshifter) (Zig:21)
  A troll (shapeshifter) (Vaults:1)
  64 hornets
  15 tyrant leeches
  Grinder (D:4)
  2 jumping spiders (shapeshifter)
  4 harpy skeletons
  22 wind drakes
  A wind drake (shapeshifter) (Vaults:5)
  3 polar bears (Lair:6)
  7 silent spectres
  A hornet (shapeshifter) (Abyss:4)
  A sphinx simulacrum (Depths:4)
  A fire giant simulacrum (Zig:8)
  69 raiju
  A merfolk (shapeshifter) (Zig:6)
  3 dream sheep (shapeshifter)
  143 slime creatures
  13 blink frogs
  13 hippogriffs
  20 snapping turtles
  A tyrant leech (shapeshifter) (Zig:18)
  5 hydra skeletons
  10 bog bodies
  9 ettin zombies
  6 fire dragon zombies
  4 alligator zombies
  7 ice dragon zombies
  3 snapping turtles (shapeshifter)
  A hippogriff (shapeshifter) (Abyss:4)
  4 slime creatures (shapeshifter)
  An alligator skeleton (Tar:7)
  154 flying skulls
  2 spriggans (shapeshifter)
  A redback (shapeshifter) (Zig:4)
  19 redbacks
  A vampire (Abyss:3)
  17 elf skeletons
  2 black mamba zombies
  8 fire dragon skeletons
  140 large abominations
  2 dire elephant simulacra (IceCv)
  34 shadows
  2 ice dragon skeletons
  25 air elementals
  2 black mamba skeletons
  5 ettin skeletons
  133 starcursed masses
  6 wyverns
  2 basilisks (shapeshifter)
  49 wraiths
  12 hungry ghosts
  A human (shapeshifter) (Vaults:2)
  19 elf zombies
  53 ushabtiu
  50 ynoxinuls
  19 tarantellas
  22 golden eyes
  27 yaks
  77 water elementals
  4 hogs (Shoals:4)
  44 fire elementals
  9 basilisks
  51 chaos spawn
  59 neqoxecs
  A steam dragon (shapeshifter) (Depths:3)
  A steam dragon (Volcano)
  24 fire bats
  A death yak simulacrum (IceCv)
  14 vampire mosquitoes
  An iron troll simulacrum (IceCv)
  24 wargs
  2 swamp worms (shapeshifter)
  A human simulacrum (Vaults:3)
  45 spatial vortices
  3 harpy simulacra (IceCv)
  6 hydra simulacra
  97 nagas
  A soldier ant (shapeshifter) (Vaults:2)
  11 spiny frog zombies
  2 deep troll zombies
  49 hell hounds
  An infernal demonspawn zombie (Crypt:3)
  11 insubstantial wisps
  3 acid dragons
  23 water moccasins
  3 floating eyes (shapeshifter)
  An infernal demonspawn skeleton (Coc:7)
  7 porcupines
  3 floating eyes
  115 orc warriors
  9 ice beasts
  4 spiny frog skeletons
  3 swamp dragon zombies
  8 sky beasts
  10 swamp drakes
  5 phantoms
  3 black bears
  2 ettin simulacra
  A black bear (shapeshifter) (Vaults:3)
  12 eyes of draining
  4 manticore zombies
  81 ogres
  30 necrophages
  6 boggarts
  6 snapping turtle zombies
  21 wolves
  25 centaurs
  A swamp dragon skeleton (Geh:3)
  3 snapping turtle skeletons
  A dream sheep skeleton (Crypt:1)
  2 manticore skeletons
  11 crocodiles
  A big kobold (D:10)
  19 bullfrogs
  2 human zombies
  25 earth elementals
  A spiny frog simulacrum (Coc:7)
  An ogre simulacrum (Vaults:1)
  A glowing shapeshifter simulacrum (Zig:8)
  A wyvern zombie (D:14)
  A wyvern skeleton (D:6)
  A hippogriff skeleton (Crypt:1)
  A water moccasin skeleton (D:8)
  3 scorpions
  12 killer bees
  A raiju zombie (Crypt:2)
  A troll zombie (Crypt:3)
  73 wights
  3 howler monkeys
  A polar bear skeleton (Crypt:1)
  3 spriggan skeletons
  3 electric eels
  16 crimson imps
  7 lava snakes (Volcano)
  6 bullfrog zombies
  4 draconian simulacra (IceCv)
  7 centaur zombies
  5 quasits
  A basilisk zombie (Crypt:3)
  11 centaur skeletons
  A gnoll shaman (Zig:22)
  39 orc priests
  2 bullfrog skeletons
  4 hounds
  37 iron imps
  8 jellies
  34 orc wizards
  Crazy Yiuf (D:7)
  A human skeleton (Crypt:3)
  5 iguanas
  A spriggan simulacrum (IceCv)
  2 troll simulacra (IceCv)
  A polar bear simulacrum (IceCv)
  12 worker ants
  2 centaur simulacra (IceCv)
  A demigod zombie (Crypt:2)
  A naga skeleton (Geh:3)
  A big kobold skeleton (Crypt:1)
  A felid skeleton (Crypt:2)
  3 hound zombies
  144 mummies
  12 gnolls
  A howler monkey skeleton (Crypt:2)
  15 adders
  A naga simulacrum (IceCv)
  A scorpion zombie (Crypt:1)
  20 shadow imps
  31 white imps
  10 ufetubi
  5 oozes
  2 adder skeletons
  2 worms
  3 ball lightnings (Pan)
  3 leopard geckos
  120 orcs
  5 bats
  6 giant cockroaches
  7 goblins
  4 hobgoblins
  18 jackals
  2 quokkas
  2 ball pythons
  3 frilled lizards
  A frilled lizard zombie (Crypt:3)
  A giant cockroach zombie (D:6)
  A goblin zombie (Crypt:2)
  13 kobolds
  2 leopard gecko skeletons (D:5)
  A leopard gecko zombie (D:6)
  A quokka skeleton (D:9)
  A quokka zombie (D:8)
  2 rats
  3 blocks of ice
  13 butterflies (Geh:2)
  4 crawling corpses (Vaults:5)
  2 demonic plants (Pan)
  79 fire vortices
  2 fungi
  8 lurking horrors
  9 plants
  64 starspawn tentacles
  2 tentacles
10339 creatures vanquished.

Vanquished Creatures (collateral kills)
  A juggernaut (Zig:22)
  2 greater mummies
  A Killer Klown (Zig:23)
  A profane servitor (Zig:5)
  2 bone dragons
  A tentacled monstrosity (Zot:3)
  An electric golem (Zot:4)
  An Orb Guardian (Zot:5)
  An Executioner (Tomb:2)
  5 acid blobs
  2 sphinxes (Tomb:1)
  A storm dragon (Zot:2)
  A shadow dragon (Vaults:5)
  A nagaraja (Zig:20)
  A war gargoyle (Vaults:5)
  A white draconian (Zot:3)
  A death ooze (Slime:5)
  A mummy priest (Tomb:3)
  A naga warrior (Zig:14)
  A great orb of eyes (Slime:4)
  A shambling mangrove (Zig:26)
  A death scarab (Tomb:2)
  A two-headed ogre (Vaults:5)
  A deep elf knight (Zig:19)
  A golden dragon zombie (Zig:1)
  An orange crystal statue (Zig:3)
  2 shadow dragon skeletons
  An elf zombie (Zig:22)
  A guardian mummy (Tomb:1)
  An ancient zyme (Zig:13)
  3 slime creatures
  2 flying skulls
  2 shadows (Zig:22)
  2 ushabtiu (Tomb:3)
  3 golden eyes
  A chaos spawn (Zig:23)
  7 starcursed masses (Zig:23)
  2 necrophages (Zig:22)
  A small abomination (Zig:23)
  6 mummies
  3 oozes (Slime:4)
  2 crawling corpses (Vaults:5)
72 creatures vanquished.

Vanquished Creatures (others)
  A tentacled monstrosity (Zig:26)
  An electric golem (Zig:13)
  A lich (Depths:2)
  A storm dragon (Pan)
  An eldritch tentacle (Zig:26)
  A nagaraja (Zig:21)
  2 reapers (Pan)
  A draconian annihilator (Zig:20)
  A blood saint (Zig:9)
  An elemental wellspring (Coc:7)
  A lorocyproca (Pan)
  A corrupter (Pan)
  A blizzard demon (Coc:7)
  A hydra (Zig:25)
  An alligator snapping turtle (Zig:25)
  A satyr (Zig:27)
  A thrashing horror (Abyss:4)
  A soul eater (Pan)
  2 hell hogs
  A salamander mystic (Zig:25)
  A deep elf archer (Elf:2)
  An apocalypse crab (Zig:26)
  2 smoke demons
  3 demonic crawlers
  An ice devil (Pan)
  A human (Shoals:4)
  A chaos spawn (Pan)
  A naga (Snake:3)
  A wight (Geh:4)
  An orc priest (D:6)
  4 white imps (IceCv)
  4 ufetubi (IceCv)
  6 ball lightnings
  3 orcs (D:6)
  4 blocks of ice
  A bush (Lair:6)
  3 butterflies (Geh:2)
  A demonic plant (Pan)
  737 fire vortices
  22 fungi
  8 lurking horrors
  75 plants
  55 starspawn tentacles
  20 tentacles
  A withered plant (Shoals:1)
979 creatures vanquished.

Grand Total: 11390 creatures vanquished

Notes
Turn   | Place    | Note
-------+----------+-------------------------------------------
     0 | D:1      | jazmu the Gargoyle Earth Elementalist began the quest for
                  | the Orb.
     0 | D:1      | Reached XP level 1. HP: 10/10 MP: 3/3
   337 | D:1      | Reached XP level 2. HP: 15/15 MP: 5/5
   784 | D:2      | Reached XP level 3. HP: 19/19 MP: 6/6
   991 | D:2      | Found a faded altar of an unknown god.
  1394 | D:3      | Found a sparkling altar of Nemelex Xobeh.
  1752 | D:3      | Reached XP level 4. HP: 24/24 MP: 4/8
  1847 | D:3      | Learned a level 2 spell: Passwall
  1886 | D:3      | Reached skill level 5 in Earth Magic
  2081 | D:3      | Reached skill level 1 in Transmutations
  2189 | D:3      | Reached XP level 5. HP: 27/28 MP: 4/10
  2844 | D:4      | Noticed Grinder
  3130 | D:4      | Killed Grinder
  3130 | D:4      | Reached XP level 6. HP: 30/32 MP: 5/13
  3295 | D:4      | You fall into a shaft and drop 1 floor!
  3295 | D:5      | Entered Level 5 of the Dungeon
  3354 | D:5      | Found a shattered altar of Ashenzari.
  3388 | D:5      | Reached XP level 7. HP: 31/36 MP: 5/14
  3541 | D:5      | Reached skill level 5 in Spellcasting
  3546 | D:5      | Learned a level 3 spell: Stone Arrow
  3580 | D:5      | Reached skill level 1 in Conjurations
  4228 | D:4      | Reached XP level 8. HP: 36/41 MP: 10/16
  4869 | D:4      | Got a masterwork dagger
  4870 | D:4      | Identified the +9 dagger of the Original Sin {vamp, rF+
                  | MR+} (You found it on level 4 of the Dungeon)
  5419 | D:6      | Found a staircase to the Ecumenical Temple.
  5436 | Temple   | Entered the Ecumenical Temple
  5614 | Temple   | Became a worshipper of Sif Muna the Loreminder
  5656 | D:6      | Reached skill level 1 in Fighting
  5656 | D:6      | Reached skill level 1 in Short Blades
  6792 | D:7      | Noticed a hippogriff
  6858 | D:6      | Reached XP level 9. HP: 49/52 MP: 7/18
  7174 | D:7      | Reached skill level 5 in Fighting
  7312 | D:7      | Reached * piety under Sif Muna
  8340 | D:7      | Found a runed translucent door.
  8341 | D:7      | Noticed Crazy Yiuf
  8346 | D:7      | Killed Crazy Yiuf
  8360 | D:7      | Got a jewelled mace
  8361 | D:7      | Identified the +2 mace "Zyitid Vistu" {speed, rC+ MR+ Str-3
                  | Int+7} (You found it on level 7 of the Dungeon)
  8468 | D:8      | Found a staircase to the Lair.
  8714 | D:8      | Got a pair of crude gloves
  8720 | D:8      | Identified the +2 pair of gloves of the Original Sin {+Fly
                  | rN+} (You found it on level 8 of the Dungeon)
  8921 | D:8      | Reached ** piety under Sif Muna
  9183 | D:8      | Reached XP level 10. HP: 63/63 MP: 22/22
  9471 | D:9      | Reached skill level 5 in Conjurations
 10548 | D:9      | Noticed Harold
 10996 | D:9      | Killed Harold
 11456 | D:10     | Entered Level 10 of the Dungeon
 11581 | D:10     | Noticed a two-headed ogre
 11606 | D:10     | Killed a two-headed ogre
 11606 | D:10     | Reached skill level 10 in Spellcasting
 11606 | D:10     | Reached XP level 11. HP: 67/67 MP: 6/25
 11796 | D:10     | Reached *** piety under Sif Muna
 11914 | D:10     | Found Gycavosk's General Store.
 11925 | D:10     | Bought a scroll of identify for 26 gold pieces
 12087 | D:10     | Noticed a cyclops
 12234 | D:9      | Learned a level 5 spell: Lee's Rapid Deconstruction
 12282 | Lair:1   | Entered Level 1 of the Lair of Beasts
 12482 | Lair:1   | Noticed a death yak
 12641 | Lair:1   | Found a transporter.
 12869 | Lair:1   | Noticed a death yak
 12870 | Lair:1   | Noticed a death yak
 12870 | Lair:1   | Noticed a death yak
 12871 | Lair:1   | Noticed a death yak
 14097 | Lair:2   | Found a staircase to the Snake Pit.
 15280 | Lair:2   | Reached skill level 10 in Earth Magic
 15784 | Lair:3   | Reached XP level 12. HP: 44/72 MP: 6/27
 16061 | Lair:3   | Reached **** piety under Sif Muna
 17717 | Lair:4   | Found a staircase to the Shoals.
 18064 | Lair:4   | Reached skill level 1 in Shields
 18652 | Lair:4   | Reached skill level 5 in Shields
 18735 | Lair:5   | You fall into a shaft and drop 1 floor!
 18735 | Lair:6   | Entered Level 6 of the Lair of Beasts
 18778 | Lair:6   | Got an encrusted plate armour
 18954 | Lair:5   | Reached skill level 1 in Invocations
 19147 | Lair:5   | Noticed an eight-headed hydra
 19241 | Lair:5   | Reached XP level 13. HP: 62/76 MP: 15/29
 19783 | Lair:5   | Reached skill level 5 in Invocations
 19986 | Lair:1   | Learned a level 4 spell: Hailstorm
 20012 | Lair:1   | Reached skill level 1 in Ice Magic
 20659 | Lair:1   | Found a one-way gate to the infinite horrors of the Abyss.
 20659 | Lair:1   | Noticed Keadol's ghost (journeyman DrCj)
 20675 | Lair:1   | Found a transporter.
 20785 | Lair:1   | Identified the +8 trident "Siny" {distort, rF- Str+2 Int+5}
 20785 | Lair:1   | Identified the +2 ring mail "Wasobat" {rElec rCorr}
 21406 | Lair:5   | Found a staircase to the Slime Pits.
 22669 | Lair:6   | Reached ***** piety under Sif Muna
 22905 | Lair:6   | Identified Sif Muna's Guide on Air (Sif Muna gifted it to
                  | you on level 6 of the Lair of Beasts)
 22905 | Lair:6   | Received a gift from Sif Muna
 23535 | Lair:6   | Reached skill level 10 in Shields
 24304 | Lair:6   | Gained mutation: Your large and strong wings let you fly
                  | indefinitely. [Gargoyle growth]
 24304 | Lair:6   | Reached XP level 14. HP: 58/82 MP: 10/30
 25872 | D:10     | Got a pair of distressingly furry boots
 25883 | D:10     | Identified the +0 pair of boots of Panentheism {-Tele rPois
                  | rN++ rCorr} (You found it on level 10 of the Dungeon)
 27270 | D:11     | Received a gift from Sif Muna
 28565 | D:12     | Noticed Urug
 28572 | D:12     | Killed Urug
 28935 | D:12     | Found a staircase to the Orcish Mines.
 29169 | D:12     | Upgraded the game from 0.25.0-3-gd7cc5688da to
                  | 0.25.0-9-g26727b657a
 29510 | D:13     | Reached skill level 10 in Conjurations
 30654 | D:13     | Identified Sif Muna's Compendium of Quantum Unholy Magic
                  | (Sif Muna gifted it to you on level 13 of the Dungeon)
 30654 | D:13     | Received a gift from Sif Muna
 30664 | D:13     | Learned a level 5 spell: Borgnjor's Vile Clutch
 31096 | D:13     | Reached skill level 1 in Necromancy
 31359 | D:13     | Found a gate to the Vaults.
 31788 | D:14     | Reached XP level 15. HP: 86/86 MP: 27/31
 32248 | D:14     | Noticed Jorgrun
 32256 | D:14     | Killed Jorgrun
 33503 | D:14     | Learned a level 5 spell: Fireball
 33746 | D:15     | Entered Level 15 of the Dungeon
 33886 | D:15     | Reached skill level 1 in Fire Magic
 34012 | D:15     | Found a staircase to the Depths.
 34012 | D:15     | Noticed a fire giant
 34018 | D:15     | Killed a fire giant
 34149 | D:15     | Reached skill level 5 in Necromancy
 34774 | D:15     | Found a hide-covered altar of Uskayaw.
 34776 | D:15     | Found a bloodstained altar of Trog.
 34776 | D:15     | Found a shimmering altar of Xom.
 34778 | D:15     | Found a hide-covered altar of Uskayaw.
 34778 | D:15     | Found a shadowy altar of Dithmenos.
 34778 | D:15     | Found a burning altar of Makhleb.
 34928 | Orc:1    | Entered Level 1 of the Orcish Mines
 34971 | Orc:1    | Found a dark tunnel.
 34976 | Volcano  | Entered a volcano
 35378 | Volcano  | Identified Coammyte's Compendium of the Supportive Oath
                  | (Sif Muna gifted it to you in a volcano)
 35378 | Volcano  | Received a gift from Sif Muna
 35466 | Volcano  | Found a radiant altar of Vehumet.
 35971 | Orc:2    | Entered Level 2 of the Orcish Mines
 36432 | Orc:2    | Reached skill level 5 in Fire Magic
 36578 | Orc:2    | Paralysed by an ogre mage for 2 turns
 36931 | Orc:2    | Reached XP level 16. HP: 83/92 MP: 20/32
 37251 | Orc:2    | Received a gift from Sif Muna
 37470 | Orc:2    | Found Lisaol's Food Shop.
 37696 | Orc:2    | Found Zyakhemu's Antique Armour Emporium.
 37702 | Orc:2    | Found Huwaolull's Gadget Boutique.
 37702 | Orc:2    | Found Xesove Adou's Gadget Boutique.
 37704 | Orc:2    | Bought a smoking helmet for 256 gold pieces
 37754 | Orc:2    | Identified the +4 helmet of Pubriava {rF- Str+5 Dex+3} (You
                  | bought it in a shop on level 2 of the Orcish Mines)
 38018 | Orc:2    | Found a staircase to the Elven Halls.
 38130 | Orc:2    | Found Vayrphixo's Assorted Antiques.
 38152 | Orc:2    | Bought a scroll of identify for 68 gold pieces
 38152 | Orc:2    | Bought a cyan potion for 30 gold pieces
 39152 | Lair:5   | Got a steaming robe
 39163 | Lair:5   | Identified the +1 robe "Vewnul" {-Cast rElec rF++ SInv}
                  | (You found it on level 5 of the Lair of Beasts)
 39390 | Snake:1  | Entered Level 1 of the Snake Pit
 40191 | Snake:1  | Identified Roxanne's Disquisition on Shape Shifting
 40191 | Snake:1  | Noticed Roxanne
 40195 | Snake:1  | Killed Roxanne
 40819 | Snake:1  | Identified Sif Muna's Second Course in Wizardry (Sif Muna
                  | gifted it to you on level 1 of the Snake Pit)
 40819 | Snake:1  | Received a gift from Sif Muna
 41177 | Snake:2  | Noticed a nagaraja
 41192 | Snake:2  | Killed a nagaraja
 42164 | Snake:3  | Noticed a nagaraja
 42829 | Shoals:1 | Entered Level 1 of the Shoals
 43092 | Shoals:1 | Found a frozen archway.
 43201 | IceCv    | Entered an ice cave
 43554 | IceCv    | Identified Sif Muna's Reference Book on the Doomed
                  | Volcanoes (Sif Muna gifted it to you in an ice cave)
 43554 | IceCv    | Received a gift from Sif Muna
 43697 | IceCv    | Learned a level 6 spell: Starburst
 44412 | IceCv    | Noticed an Ice Fiend
 44418 | IceCv    | Killed an Ice Fiend
 44795 | Shoals:1 | Reached XP level 17. HP: 56/96 MP: 23/33
 44890 | Shoals:1 | Noticed Nikola
 44903 | Shoals:1 | Killed Nikola
 45854 | Shoals:2 | Identified Hayk's Tome of Damaging Transmutation (Sif Muna
                  | gifted it to you on level 2 of the Shoals)
 45854 | Shoals:2 | Received a gift from Sif Muna
 45854 | Shoals:2 | Reached skill level 15 in Conjurations
 46106 | Shoals:2 | Noticed Donald
 46126 | Shoals:2 | Killed Donald
 46750 | Shoals:2 | Identified a scroll of acquirement
 47403 | Shoals:3 | Got a translucent short sword
 48165 | Shoals:3 | Noticed a titan
 48186 | Shoals:3 | Learned a level 7 spell: Orb of Destruction
 48196 | Shoals:3 | Killed a titan
 48220 | Shoals:3 | Identified the cursed +1 short sword of the Lesser Evil
                  | {drain, Int+3} (You found it on level 3 of the Shoals)
 48633 | Shoals:3 | Reached skill level 15 in Shields
 48681 | Shoals:4 | Entered Level 4 of the Shoals
 49152 | Shoals:4 | Reached XP level 18. HP: 101/101 MP: 11/36
 49280 | Shoals:4 | Identified Sif Muna's Volume of Intoxication and
                  | Dislocation (Sif Muna gifted it to you on level 4 of the
                  | Shoals)
 49280 | Shoals:4 | Received a gift from Sif Muna
 50020 | Shoals:4 | Reached skill level 15 in Spellcasting
 50361 | Shoals:4 | Got a barnacled rune of Zot
 50455 | Shoals:4 | Identified the cursed +3 hand crossbow of Equivalence
                  | {flame, +Blink rPois Dex+6}
 50634 | Shoals:4 | Identified the +3 flail of Ygexurph {pain, Int+4}
 50645 | Shoals:4 | Reached skill level 5 in Dodging
 50794 | Shoals:4 | Noticed Kirke
 50887 | Shoals:4 | Killed Kirke
 51777 | Vaults:1 | Entered Level 1 of the Vaults
 51787 | Vaults:1 | Identified Sif Muna's Incunabulum of Igneous Earth (Sif
                  | Muna gifted it to you on level 1 of the Vaults)
 51787 | Vaults:1 | Received a gift from Sif Muna
 51992 | Vaults:1 | Learned a level 5 spell: Bolt of Magma
 52699 | Vaults:1 | Reached skill level 10 in Dodging
 53840 | Vaults:1 | Found Xeeji's Assorted Antiques.
 53854 | Vaults:1 | Bought a scroll of teleportation for 93 gold pieces
 53854 | Vaults:1 | Bought a scroll of blinking for 232 gold pieces
 53854 | Vaults:1 | Bought a thin soapstone amulet for 155 gold pieces
 53854 | Vaults:1 | Bought a scroll of identify for 62 gold pieces
 53854 | Vaults:1 | Bought a scroll of fear for 108 gold pieces
 54174 | Vaults:1 | Received a gift from Sif Muna
 54178 | Vaults:1 | Reached XP level 19. HP: 106/106 MP: 18/38
 54547 | Vaults:1 | Identified the +3 arbalest of Kuwakiyr {elec, *Drain rF+
                  | Int+7}
 54892 | Vaults:1 | Noticed a tentacled monstrosity
 54908 | Vaults:1 | Killed a tentacled monstrosity
 56031 | Vaults:2 | Reached skill level 10 in Fire Magic
 56870 | Vaults:2 | Identified Sif Muna's Handbook of the Mountains and
                  | Ignition (Sif Muna gifted it to you on level 2 of the
                  | Vaults)
 56870 | Vaults:2 | Received a gift from Sif Muna
 58122 | Vaults:2 | Reached skill level 10 in Fighting
 58333 | Vaults:2 | You are sucked into a shaft and drop 2 floors!
 58761 | Vaults:3 | Got Sanlaxao's Grimoire of Weightlessness and Ignition
 58882 | Vaults:2 | Got a smoking scale mail
 59453 | Vaults:2 | Got a fading ring mail
 59469 | Vaults:2 | Reached XP level 20. HP: 119/119 MP: 37/39
 59787 | Vaults:2 | Found a staircase to the Crypt.
 60945 | Vaults:3 | Noticed a Tzitzimitl
 61513 | Vaults:3 | Found Ryresch's Gadget Emporium.
 61786 | Vaults:3 | Identified Sif Muna's Reference Book on Enthralling Black
                  | Rituals (Sif Muna gifted it to you on level 3 of the
                  | Vaults)
 61786 | Vaults:3 | Received a gift from Sif Muna
 61857 | Vaults:3 | Learned a level 5 spell: Aura of Abjuration
 61887 | Vaults:3 | Found Astrar's Food Boutique.
 62245 | Vaults:3 | Reached skill level 1 in Summonings
 62695 | Vaults:3 | Found Icriorph's Assorted Antiques.
 62701 | Vaults:3 | Bought a pair of distressingly furry gloves for 323 gold
                  | pieces
 62701 | Vaults:3 | Bought a scroll of teleportation for 102 gold pieces
 62701 | Vaults:3 | Bought a scroll of teleportation for 102 gold pieces
 62701 | Vaults:3 | Bought a scroll of fear for 119 gold pieces
 62701 | Vaults:3 | Bought a scroll of enchant armour for 255 gold pieces
 62711 | Vaults:3 | Identified the +2 pair of gloves of Pathos {-Cast rF++
                  | Dex+5} (You bought it in a shop on level 3 of the Vaults)
 62840 | Vaults:3 | Found Olesiyrch's Book Boutique.
 63071 | Vaults:3 | Found Doleyd's Weapon Shoppe.
 63122 | Vaults:4 | Noticed Margery
 63125 | Vaults:4 | Killed Margery
 64249 | Vaults:4 | Reached skill level 5 in Summonings
 64442 | Vaults:4 | Received a gift from Sif Muna
 64877 | Vaults:4 | Identified the +2 chain mail of Qoniz {+Fly rPois Dex+3}
 65330 | Vaults:4 | Found Liabo's Gadget Boutique.
 65362 | Vaults:4 | Reached XP level 21. HP: 123/123 MP: 39/41
 66187 | Lair:1   | Identified the cursed +1 scale mail of Eternal Night {rC+
                  | rCorr Str+3 SInv} (You found it on level 2 of the Vaults)
 66198 | Lair:1   | Identified the +4 ring mail "Caok" {rN+ MR+} (You found it
                  | on level 2 of the Vaults)
 66227 | Lair:1   | Identified the +4 plate armour of Zoos {MR+ Str+4 Dex-2}
                  | (You found it on level 6 of the Lair of Beasts)
 66410 | Depths:1 | Entered Level 1 of the Depths
 66446 | Depths:1 | Noticed Bai Suzhen
 66770 | Elf:1    | Entered Level 1 of the Elven Halls
 66936 | Elf:1    | Found Qufrohee's Distillery.
 67285 | Elf:1    | Found Oxzed's Food Boutique.
 67288 | Elf:1    | Identified Sif Muna's Grimoire of Fallacy (Sif Muna gifted
                  | it to you on level 1 of the Elven Halls)
 67288 | Elf:1    | Received a gift from Sif Muna
 67878 | Elf:1    | Gained mutation: You tend to lose your temper in combat.
                  | [mutagenic glow]
 68123 | Elf:1    | Found Viasampo's Food Boutique.
 68488 | Elf:1    | Identified the ring "Vuecw" {Int+6 Stlth+}
 68830 | Elf:2    | Found Ijoalieqa's Assorted Antiques.
 69102 | Elf:2    | Bought a wand of digging (5) for 184 gold pieces
 69102 | Elf:2    | Bought a scroll of magic mapping for 80 gold pieces
 69866 | Elf:2    | Noticed Asterion
 70039 | Elf:2    | Killed Asterion
 70187 | Elf:2    | Found a runed translucent gate.
 70187 | Elf:2    | Found a runed translucent gate.
 70197 | Elf:2    | Found a runed translucent gate.
 70373 | Elf:2    | Received a gift from Sif Muna
 71110 | Elf:2    | Noticed Azrael
 71251 | Elf:2    | Killed Azrael
 71604 | Elf:3    | Entered Level 3 of the Elven Halls
 72771 | Elf:3    | Found Muikhloma's Antique Armour Boutique.
 72777 | Elf:3    | Bought a twisted scale mail for 306 gold pieces
 72777 | Elf:3    | Bought a colourful robe for 193 gold pieces
 72787 | Elf:3    | Identified the +4 scale mail of Fedhas's Wrath {+Blink +Fly
                  | rC+++ Slay-4} (You bought it in a shop on level 3 of the
                  | Elven Halls)
 72797 | Elf:3    | Identified the cursed +1 robe of Baldness {+Inv rC+ Dex+7}
                  | (You bought it in a shop on level 3 of the Elven Halls)
 73525 | Elf:3    | Reached XP level 22. HP: 112/128 MP: 29/43
 73713 | Elf:3    | Got the amulet of Nenat {RegenMP Str+4 Int+4}
 74263 | Elf:3    | Identified the +1 robe "Arphief" {Harm Str-3 Dex-3 SInv}
 74270 | Elf:3    | Identified Sif Muna's Volume of Arcane Weapons (Sif Muna
                  | gifted it to you on level 3 of the Elven Halls)
 74270 | Elf:3    | Received a gift from Sif Muna
 74498 | Elf:3    | Identified the +2 robe "Zualeaso" {Harm}
 75252 | Elf:3    | Identified Casting in Simple Steps
 76308 | Snake:3  | Noticed Aizul
 76325 | Snake:2  | Killed Aizul
 76772 | Snake:3  | Found Xoirghi's Armour Shop.
 77248 | Snake:4  | Entered Level 4 of the Snake Pit
 77248 | Snake:4  | Found a shimmering altar of Xom.
 78986 | Snake:4  | Reached XP level 23. HP: 127/133 MP: 18/45
 79893 | Snake:4  | Got a serpentine rune of Zot
 80274 | D:15     | Killed Bai Suzhen
 80627 | Depths:1 | Identified the ring "Ilofitre" {+Blink Int+6 Dex+2}
 80893 | D:15     | Identified Sif Muna's Tome of Creative Flight (Sif Muna
                  | gifted it to you on level 15 of the Dungeon)
 80893 | D:15     | Received a gift from Sif Muna
 81670 | Depths:1 | Found a bloodstained altar of Trog.
 81903 | Depths:1 | Found a gateway to Hell.
 81964 | Depths:1 | Noticed Sojobo
 82002 | Depths:1 | Killed Sojobo
 82203 | Depths:1 | Found Zosiur's Gadget Shoppe.
 82204 | Depths:1 | Found Turuekyg's Jewellery Boutique.
 82205 | Depths:1 | Found Ydoist's Gadget Shoppe.
 83645 | Depths:2 | Identified Sif Muna's Incunabulum of Aid and Earth (Sif
                  | Muna gifted it to you on level 2 of the Depths)
 83645 | Depths:2 | Received a gift from Sif Muna
 84652 | Depths:2 | Got a sheer robe
 84653 | Depths:2 | Identified the +1 robe of Inevitability {rElec rF+ rC+}
                  | (You found it on level 2 of the Depths)
 84832 | Depths:2 | Reached XP level 24. HP: 115/139 MP: 36/45
 84926 | Depths:2 | Identified Kaah's Volume of Damaging Sinister Secrets
 85028 | Depths:2 | Noticed an ancient lich
 85039 | Depths:2 | Killed an ancient lich
 85122 | Depths:2 | Got a warped steel ring
 85135 | Depths:2 | Identified the cursed ring of Elivir {rF+ rC+ Str-4} (You
                  | found it on level 2 of the Depths)
 85311 | Depths:2 | Found a gateway to a ziggurat.
 86729 | Depths:3 | Found a one-way gate leading to the halls of Pandemonium.
 86817 | Depths:3 | Found a large runed translucent door.
 86818 | Depths:3 | Found a large runed translucent door.
 88120 | Depths:3 | Received a gift from Sif Muna
 88214 | Depths:3 | Identified the ring "Doclaot" {rF+++ MR+ rCorr Int-5 Dex+4}
 89625 | Depths:4 | Found Daav's Antique Weapon Emporium.
 90580 | Depths:5 | Entered Level 5 of the Depths
 90816 | Depths:5 | Reached skill level 15 in Fire Magic
 90845 | Depths:5 | Reached XP level 25. HP: 143/143 MP: 14/46
 91227 | Depths:5 | Identified Sif Muna's Catalogue of Damaging Moulding (Sif
                  | Muna gifted it to you on level 5 of the Depths)
 91227 | Depths:5 | Received a gift from Sif Muna
 91313 | Depths:5 | Found Hetwyff's Weapon Shop.
 91315 | Depths:5 | Found Japeagume's Book Boutique.
 92076 | Depths:5 | Found a gate to the Realm of Zot.
 92543 | Depths:5 | Got a faintly glowing ivory amulet
 92544 | Depths:5 | Identified the amulet of Ymikhaowk {RegenMP +Inv} (You
                  | found it on level 5 of the Depths)
 93103 | Crypt:1  | Entered Level 1 of the Crypt
 94093 | Crypt:1  | Received a gift from Sif Muna
 94994 | Crypt:2  | Paralysed by a vampire knight for 4 turns
 95052 | Crypt:2  | Noticed Frederick
 95059 | Crypt:2  | Killed Frederick
 95372 | Crypt:3  | Entered Level 3 of the Crypt
 95716 | Crypt:3  | Noticed Boris
 96070 | Crypt:3  | Killed Boris
 96070 | Crypt:3  | Reached XP level 26. HP: 139/148 MP: 29/48
 96313 | Crypt:3  | Learned a level 9 spell: Fire Storm
 96372 | Crypt:3  | Found a staircase to the Tomb.
 96805 | Crypt:3  | Identified Sif Muna's Grimoire of the Lethal Traveller (Sif
                  | Muna gifted it to you on level 3 of the Crypt)
 96805 | Crypt:3  | Received a gift from Sif Muna
 97155 | Crypt:3  | Found a basalt altar of Yredelemnul.
 97291 | Crypt:3  | Noticed a greater mummy
 97318 | Crypt:3  | Killed a greater mummy
 98540 | Crypt:3  | Learned a level 8 spell: Necromutation
 99142 | Slime:1  | Entered Level 1 of the Pits of Slime
 99153 | Slime:1  | Identified Xuneesh's Disquisition on Stones and Companions
                  | (Sif Muna gifted it to you on level 1 of the Pits of Slime)
 99153 | Slime:1  | Received a gift from Sif Muna
 99153 | Slime:1  | Gained mutation: Your body sometimes deteriorates upon
                  | taking damage. [a shining eye]
100124 | Slime:1  | Reached skill level 5 in Transmutations
101583 | Slime:4  | Received a gift from Sif Muna
102735 | Slime:5  | Entered Level 5 of the Pits of Slime
102851 | Slime:5  | Gained mutation: You often lose your temper in combat. [a
                  | shining eye]
103112 | Slime:5  | Found a viscous altar of Jiyva.
103114 | Slime:5  | Noticed the Royal Jelly
103126 | Slime:5  | Killed the Royal Jelly
103126 | Slime:5  | Reached XP level 27. HP: 153/153 MP: 23/48
103392 | Slime:5  | Found the brooch of Shielding {Spirit SH+8}
103515 | Slime:5  | Got a slimy rune of Zot
104356 | Zot:1    | Entered Level 1 of the Realm of Zot
104397 | Zot:1    | Learned a level 8 spell: Lehudib's Crystal Spear
104412 | Zot:1    | Reached skill level 1 in Translocations
104661 | Zot:1    | Reached skill level 10 in Necromancy
104808 | Zot:1    | Identified Sif Muna's Disquisition on Enchanting Snow (Sif
                  | Muna gifted it to you on level 1 of the Realm of Zot)
104808 | Zot:1    | Received a gift from Sif Muna
104808 | Zot:1    | Reached skill level 5 in Translocations
105287 | Zot:1    | Identified the +4 dragonskin cloak
105287 | Zot:1    | Noticed Tiamat
105317 | Zot:1    | Killed Tiamat
105803 | Zot:1    | Reached skill level 10 in Translocations
106111 | Zot:2    | Noticed an orb of fire
106239 | Zot:2    | Reached skill level 10 in Transmutations
106625 | Zot:2    | Killed an orb of fire
108100 | Zot:3    | You are sucked into a shaft and drop 1 floor!
108368 | Zot:3    | Found Ogitiuc's Changing Room.
108380 | Zot:3    | Bought a potion of mutation for 216 gold pieces
108380 | Zot:3    | Bought a potion of mutation for 216 gold pieces
108380 | Zot:3    | Bought a potion of mutation for 216 gold pieces
108380 | Zot:3    | Bought a potion of mutation for 216 gold pieces
108380 | Zot:3    | Lost mutation: Your body sometimes deteriorates upon taking
                  | damage. [potion of mutation]
108380 | Zot:3    | Lost mutation: You often lose your temper in combat.
                  | [potion of mutation]
108380 | Zot:3    | Lost mutation: You tend to lose your temper in combat.
                  | [potion of mutation]
108380 | Zot:3    | Gained mutation: You are somewhat resistant to further
                  | mutation. [potion of mutation]
108380 | Zot:3    | Gained mutation: You are robust. (+10% HP) [potion of
                  | mutation]
108380 | Zot:3    | Gained mutation: You possess an exceptional clarity of
                  | mind. [potion of mutation]
108790 | Zot:3    | Identified Emyu's Handbook of Dusty Combat Magic
109329 | Zot:4    | Got a faintly glowing morningstar
109925 | Zot:5    | Entered Level 5 of the Realm of Zot
110956 | Lair:1   | Got the amulet "Peumy" {RegenMP rPois rC+++ Str-4 Slay+3}
110956 | Lair:1   | Got the amulet "Josin" {rElec rC+ Regen+ Dex+4}
110994 | Lair:1   | Identified the +4 morningstar of Bemyet {vorpal, rElec
                  | Str-5 Int+4} (You found it on level 4 of the Realm of Zot)
111381 | Tomb:1   | Entered Level 1 of the Tomb of the Ancients
112137 | Tomb:1   | Noticed a greater mummy
112144 | Tomb:1   | Killed a greater mummy
112169 | Tomb:1   | Noticed a greater mummy
112174 | Tomb:1   | Killed a greater mummy
112735 | Tomb:1   | Learned a level 8 spell: Controlled Blink
112737 | Tomb:2   | Noticed a greater mummy
112737 | Tomb:2   | Noticed a greater mummy
112737 | Tomb:2   | Noticed a greater mummy
112737 | Tomb:2   | Noticed a greater mummy
112746 | Tomb:2   | Killed a greater mummy
112752 | Tomb:2   | Killed a greater mummy
112752 | Tomb:2   | Killed a greater mummy
112758 | Tomb:2   | Killed a greater mummy
113070 | Tomb:2   | Reached ****** piety under Sif Muna
113851 | Lair:1   | Learned a level 8 spell: Ignition
114349 | Tomb:1   | Noticed a greater mummy
114349 | Tomb:1   | Noticed a greater mummy
114352 | Tomb:1   | Killed a greater mummy
114355 | Tomb:1   | Killed a greater mummy
114355 | Tomb:1   | Noticed a greater mummy
114359 | Tomb:1   | Noticed a greater mummy
114360 | Tomb:1   | Killed a greater mummy
114362 | Tomb:1   | Killed a greater mummy
114480 | Tomb:1   | Noticed a greater mummy
114488 | Tomb:1   | Killed a greater mummy
114488 | Tomb:1   | Noticed a greater mummy
114494 | Tomb:1   | Noticed a greater mummy
114495 | Tomb:1   | Killed a greater mummy
114501 | Tomb:1   | Killed a greater mummy
114572 | Tomb:1   | Noticed a greater mummy
114577 | Tomb:1   | Noticed a greater mummy
114581 | Tomb:1   | Killed a greater mummy
114583 | Tomb:1   | Killed a greater mummy
114669 | Tomb:1   | Noticed a greater mummy
114675 | Tomb:1   | Killed a greater mummy
114688 | Tomb:1   | Noticed a greater mummy
114688 | Tomb:1   | Noticed a greater mummy
114688 | Tomb:1   | Noticed a greater mummy
114692 | Tomb:1   | Killed a greater mummy
114693 | Tomb:1   | Killed a greater mummy
114694 | Tomb:1   | Killed a greater mummy
115229 | Tomb:3   | Entered Level 3 of the Tomb of the Ancients
115239 | Tomb:3   | Noticed an ancient lich
115244 | Tomb:3   | Killed an ancient lich
115247 | Tomb:3   | Noticed a greater mummy
115251 | Tomb:3   | Killed a greater mummy
115262 | Tomb:3   | Noticed a greater mummy
115269 | Tomb:3   | Found the +8 longbow "Zephyr" {speed, Dex+3 SInv}
115269 | Tomb:3   | Killed a greater mummy
115289 | Tomb:3   | Noticed a greater mummy
115290 | Tomb:3   | Killed a greater mummy
115306 | Tomb:3   | Noticed a greater mummy
115307 | Tomb:3   | Noticed a greater mummy
115309 | Tomb:3   | Killed a greater mummy
115311 | Tomb:3   | Killed a greater mummy
115311 | Tomb:3   | Reached skill level 15 in Translocations
115340 | Tomb:3   | Got a steaming helmet
115507 | Tomb:3   | Noticed a greater mummy
115515 | Tomb:3   | Killed a greater mummy
115556 | Tomb:3   | Identified Luppayvu's Disquisition on Shifting Fire
115576 | Tomb:3   | Got a fine helmet
115580 | Tomb:3   | Got a shimmering tin ring
115584 | Tomb:3   | Got an ancient granite ring
115603 | Tomb:3   | Identified the Disquisition on the Frigorific Blaze
115651 | Tomb:3   | Identified the ring of Laegav {rC- rN++ Int+6 Stlth+} (You
                  | found it on level 3 of the Tomb of the Ancients)
115653 | Tomb:3   | Identified the ring of Fausaev {rC++ Int+9 Stlth-} (You
                  | found it on level 3 of the Tomb of the Ancients)
115667 | Tomb:3   | Identified the +2 helmet "Keumaqud" {MP+9 Stlth+} (You
                  | found it on level 3 of the Tomb of the Ancients)
115677 | Tomb:3   | Identified the +1 helmet of Edwaxic {+Blink} (You found it
                  | on level 3 of the Tomb of the Ancients)
115692 | Tomb:3   | Got a fine crystal amulet
115698 | Tomb:3   | Identified the amulet "Xaav" {Reflect Dex+4 SH+5} (You
                  | found it on level 3 of the Tomb of the Ancients)
115707 | Tomb:3   | Got a twitching wooden ring
115730 | Tomb:3   | Identified the ring "Veuly" {*Corrode rElec rPois Str+9
                  | Stlth+} (You found it on level 3 of the Tomb of the
                  | Ancients)
115754 | Tomb:3   | Noticed a greater mummy
115763 | Tomb:3   | Killed a greater mummy
115994 | Tomb:3   | Got a golden rune of Zot
116899 | Vaults:5 | Entered Level 5 of the Vaults
117055 | Vaults:5 | Noticed Xtahua
117066 | Vaults:5 | Killed Xtahua
117506 | Vaults:5 | Got a scorched spear
117632 | Vaults:5 | Identified the cursed +2 war axe "Olleatis" {freeze, MR+}
117924 | Vaults:5 | Got a silver rune of Zot
118362 | Vaults:5 | Identified the +8 mace of the Witching Moth {vorpal, Dex+4}
118514 | Vaults:5 | Identified the Grimoire of the Frostbite and Earth
118899 | Vaults:5 | Identified the +0 spear of Ippewn {freeze, rF+} (You found
                  | it on level 5 of the Vaults)
119224 | Orc:2    | Bought a pair of runed boots for 202 gold pieces
119234 | Orc:2    | Identified a +0 pair of boots of running (You bought it in
                  | a shop on level 2 of the Orcish Mines)
120211 | Hell     | Entered the Vestibule of Hell
120211 | Hell     | Noticed Geryon
121166 | Orc:2    | Bought a wand of digging (4) for 256 gold pieces
121418 | Zig:1    | Entered Level 1 of a ziggurat
121446 | Zig:2    | Entered Level 2 of a ziggurat
121574 | Zig:3    | Entered Level 3 of a ziggurat
121576 | Zig:3    | Noticed a greater mummy
121585 | Zig:3    | Killed a greater mummy
121671 | Zig:4    | Entered Level 4 of a ziggurat
121807 | Zig:5    | Entered Level 5 of a ziggurat
121865 | Zig:6    | Entered Level 6 of a ziggurat
121915 | Zig:7    | Entered Level 7 of a ziggurat
121917 | Zig:7    | Noticed a greater mummy
121917 | Zig:7    | Noticed a greater mummy
121920 | Zig:7    | Killed a greater mummy
121920 | Zig:7    | Killed a greater mummy
121931 | Zig:7    | Got a transparent helmet
121934 | Zig:7    | Identified the Catalogue of Fiery Venom
121939 | Zig:7    | Identified the Reference Book on Necromancy and Hexes
121974 | Zig:7    | Identified the ring of Sophism {EV+4 Int+2} (You found it
                  | on level 7 of a ziggurat)
121987 | Zig:7    | Identified the +0 helmet of the Good {rF++ Str-5} (You
                  | found it on level 7 of a ziggurat)
122055 | Zig:8    | Entered Level 8 of a ziggurat
122076 | Zig:8    | Found the +9 staff of Wucad Mu {channel}
122080 | Zig:8    | Got the +9 staff of Wucad Mu {channel}
122135 | Zig:9    | Entered Level 9 of a ziggurat
122137 | Zig:9    | Found the +10 Black Knight's horse barding {ponderous,
                  | rPois rN+}
122175 | Zig:9    | Identified Sif Muna's Volume of Attacks and Orientation
122200 | Zig:10   | Entered Level 10 of a ziggurat
122202 | Zig:10   | Noticed Bikid the pandemonium lord
122204 | Zig:10   | Killed Bikid the pandemonium lord
122225 | Zig:10   | Identified the ring "Zofask" {+Inv Str+3 Dex-3 Slay+4 SInv}
                  | (You found it on level 10 of a ziggurat)
122259 | Zig:11   | Entered Level 11 of a ziggurat
122327 | Zig:11   | Got a scorched turquoise ring
122330 | Zig:11   | Got a vibrating turquoise ring
122341 | Zig:11   | Identified the ring "Low Efeo" {rPois rF+ Int+3 Dex-4} (You
                  | found it on level 11 of a ziggurat)
122343 | Zig:11   | Identified the ring "Suobrasuaw" {*Slow rF++ rC- AC+4
                  | Dex+9} (You found it on level 11 of a ziggurat)
122458 | Zig:12   | Entered Level 12 of a ziggurat
122516 | Zig:12   | Got an ancient granite ring
122518 | Zig:12   | Got an ichor-stained war axe
122524 | Zig:12   | Identified the cursed +1 war axe of the Beginning {vorpal,
                  | rPois rF+ Dex+2} (You found it on level 12 of a ziggurat)
122528 | Zig:12   | Identified the ring "Noergh" {+Fly Int+4 Dex+6 Stlth+} (You
                  | found it on level 12 of a ziggurat)
122538 | Zig:12   | Identified the +0 plate armour "Gisiw" {rPois Stlth+} (You
                  | found it on level 12 of a ziggurat)
122644 | Zig:13   | Entered Level 13 of a ziggurat
122956 | Zig:14   | Entered Level 14 of a ziggurat
123059 | Zig:14   | Identified the ring of Zighih {rN+ Int+4 Dex+2} (You found
                  | it on level 14 of a ziggurat)
123061 | Zig:14   | Identified the ring "Umpegg" {*Tele rN+ Dex-3 SInv} (You
                  | found it on level 14 of a ziggurat)
123063 | Zig:14   | Identified Bownuita's Disquisition on Air
123082 | Zig:14   | Identified the amulet of Law {Faith Slay+5} (You found it
                  | on level 14 of a ziggurat)
123154 | Zig:15   | Entered Level 15 of a ziggurat
123159 | Zig:15   | Found the +4 skin of Zhor {Englaciate rC+++ SInv}
123251 | Zig:16   | Entered Level 16 of a ziggurat
123302 | Zig:16   | Identified the Catalogue of Enhancements and the Frostbite
123315 | Zig:16   | Identified the +5 ice dragon scales of the Pits of Slime
                  | {Harm rF- rC++ MR+} (You found it on level 16 of a
                  | ziggurat)
123405 | Zig:17   | Entered Level 17 of a ziggurat
123530 | Zig:18   | Entered Level 18 of a ziggurat
123534 | Zig:18   | Reached skill level 15 in Dodging
123534 | Zig:18   | Reached skill level 15 in Fighting
123822 | Zig:19   | Entered Level 19 of a ziggurat
123926 | Zig:19   | Identified the Guide on Icy Stones
123930 | Zig:19   | Identified the ring of the Bespelling Fool {rPois MR+
                  | Dex+3} (You found it on level 19 of a ziggurat)
123977 | Zig:20   | Entered Level 20 of a ziggurat
124172 | Zig:20   | Identified the Collected Works on Burning Stones
124193 | Zig:20   | Got the +3 cloak of the Quahog {rF+ rC+}
124329 | Zig:21   | Entered Level 21 of a ziggurat
124332 | Zig:21   | Noticed an ancient lich
124332 | Zig:21   | Noticed an ancient lich
124335 | Zig:21   | Killed an ancient lich
124335 | Zig:21   | Killed an ancient lich
124493 | Zig:21   | Identified the ring "Vomeqire" {rN+ Stlth+} (You found it
                  | on level 21 of a ziggurat)
124499 | Zig:21   | Identified the Papyrus of the Doomed Birds
124508 | Zig:21   | Reached skill level 27 in Spellcasting
124535 | Zig:22   | Entered Level 22 of a ziggurat
124537 | Zig:22   | Noticed a juggernaut
124537 | Zig:22   | Noticed a juggernaut
124538 | Zig:22   | Noticed a juggernaut
124538 | Zig:22   | Noticed a juggernaut
124538 | Zig:22   | Noticed a juggernaut
124538 | Zig:22   | Noticed a juggernaut
124539 | Zig:22   | Killed a juggernaut
124539 | Zig:22   | Reached skill level 5 in Axes
124539 | Zig:22   | Killed a juggernaut
124540 | Zig:22   | Killed a juggernaut
124540 | Zig:22   | Killed a juggernaut
124542 | Zig:22   | Killed a juggernaut
124544 | Zig:22   | Killed a juggernaut
124544 | Zig:22   | Reached skill level 10 in Axes
124583 | Zig:22   | Identified the ring "Vejepa" {rF+ rC- Slay+5} (You found it
                  | on level 22 of a ziggurat)
124615 | Zig:22   | Identified Sif Muna's Compendium of Dark Flight
124638 | Zig:22   | Identified the ring of Plog {*Tele rC+ Int+3} (You found it
                  | on level 22 of a ziggurat)
124640 | Zig:22   | Identified the +2 kite shield of the Worm {rPois Str+3}
                  | (You found it on level 22 of a ziggurat)
124665 | Zig:22   | Identified the amulet "Giodap" {Faith rPois Str-3 Dex+3}
                  | (You found it on level 22 of a ziggurat)
124703 | Zig:23   | Entered Level 23 of a ziggurat
124705 | Zig:23   | Noticed Befoikh the pandemonium lord
124705 | Zig:23   | Noticed Jaykk the pandemonium lord
124705 | Zig:23   | Noticed Suhof the pandemonium lord
124705 | Zig:23   | Noticed Gaajes the pandemonium lord
124705 | Zig:23   | Noticed Hiumoer the pandemonium lord
124705 | Zig:23   | Noticed Walaos the pandemonium lord
124705 | Zig:23   | Noticed Dig Gecerph the pandemonium lord
124706 | Zig:23   | Noticed Tijototh the pandemonium lord
124706 | Zig:23   | Noticed Vazy the pandemonium lord
124706 | Zig:23   | Noticed Hoeziagosh the pandemonium lord
124706 | Zig:23   | Noticed Sirirhak the pandemonium lord
124707 | Zig:23   | Noticed Neppol the pandemonium lord
124707 | Zig:23   | Killed Sirirhak the pandemonium lord
124707 | Zig:23   | Killed Jaykk the pandemonium lord
124708 | Zig:23   | Noticed Joutt the pandemonium lord
124708 | Zig:23   | Killed Befoikh the pandemonium lord
124708 | Zig:23   | Killed Tijototh the pandemonium lord
124709 | Zig:23   | Killed Vazy the pandemonium lord
124709 | Zig:23   | Killed Neppol the pandemonium lord
124714 | Zig:23   | Killed Gaajes the pandemonium lord
124714 | Zig:23   | Killed Dig Gecerph the pandemonium lord
124718 | Zig:23   | Killed Hoeziagosh the pandemonium lord
124724 | Zig:23   | Killed Joutt the pandemonium lord
124732 | Zig:23   | Reached skill level 1 in Evocations
124733 | Zig:23   | Killed Hiumoer the pandemonium lord
124740 | Zig:23   | Killed Walaos the pandemonium lord
124740 | Zig:23   | Reached skill level 5 in Evocations
124750 | Zig:23   | Killed Suhof the pandemonium lord
124954 | Zig:23   | Identified the quicksilver dragon scales of Trial and Error
                  | {*Corrode +Fly rN+ MR+ Dex+3} (You found it on level 23 of
                  | a ziggurat)
124957 | Zig:23   | Got a wavering glass ring
124979 | Zig:23   | Identified Olury's Catalogue of Ashen Fire
125004 | Zig:23   | Identified the ring of Noyme {rN+ MR+} (You found it on
                  | level 23 of a ziggurat)
125056 | Zig:24   | Entered Level 24 of a ziggurat
125105 | Zig:24   | Identified the Reference Book on the Birds and the Voyage
125131 | Zig:24   | Identified the ring "Obudysest" {rF+ MP+9 Int+3 Dex+2} (You
                  | found it on level 24 of a ziggurat)
125241 | Zig:25   | Entered Level 25 of a ziggurat
125246 | Zig:25   | Reached skill level 10 in Evocations
125301 | Zig:25   | Identified the amulet "Guassoq" {Inacc rPois Str-2 Int+6
                  | Stlth+} (You found it on level 25 of a ziggurat)
125313 | Zig:25   | Identified the Catalogue of Entrancing Displacement
125393 | Zig:26   | Entered Level 26 of a ziggurat
125403 | Zig:26   | Reached skill level 15 in Evocations
125411 | Zig:26   | Noticed Zoileasu the pandemonium lord
125416 | Zig:26   | Killed Zoileasu the pandemonium lord
125607 | Zig:26   | Identified the amulet "Rappenoc" {Faith Str+2} (You found
                  | it on level 26 of a ziggurat)
125616 | Zig:26   | Identified the +0 plate armour of Yesterday {Int+4} (You
                  | found it on level 26 of a ziggurat)
125626 | Zig:26   | Identified the ring of Contentment {rPois rF+ Str+4 SInv}
                  | (You found it on level 26 of a ziggurat)
125682 | Zig:27   | Entered Level 27 of a ziggurat
125795 | Zig:27   | Found the cursed necklace of Bloodlust {*Rage +Rage MR++
                  | Int-3 Slay+6 *Curse}
125811 | Zig:27   | Identified the Incunabulum of Transformation and Cold
125814 | Zig:27   | Identified the ring "Nipops" {Str+7 Dex+6} (You found it on
                  | level 27 of a ziggurat)
125828 | Zig:27   | Identified the ring "Soyxaree" {*Slow rPois MR+ Stlth+}
                  | (You found it on level 27 of a ziggurat)
125841 | Zig:27   | Identified Cemopn's Reference Book on Changing and
                  | Enchantment
125849 | Zig:27   | Identified Ymiho's Volume of Helpful Dark Rites
126144 | Lair:1   | Learned a level 9 spell: Absolute Zero
126159 | Zig:1    | Entered Level 1 of a ziggurat
126159 | Zig:1    | Noticed Qiubb the pandemonium lord
126168 | Zig:1    | Cast into level 4 of the Abyss (Qiubb)
126168 | Abyss:4  | Found a corrupted altar of Lugonu.
126191 | Zig:1    | Escaped the Abyss
126193 | Zig:1    | Killed Qiubb the pandemonium lord
126243 | Zig:2    | Entered Level 2 of a ziggurat
126248 | Zig:2    | Reached skill level 5 in Ice Magic
126273 | Zig:3    | Entered Level 3 of a ziggurat
126274 | Zig:3    | Noticed a greater mummy
126279 | Zig:3    | Killed a greater mummy
126292 | Zig:3    | Got distressingly furry gold dragon scales
126376 | Zig:4    | Entered Level 4 of a ziggurat
126523 | Zig:5    | Entered Level 5 of a ziggurat
126529 | Zig:5    | Reached skill level 10 in Ice Magic
126565 | Zig:6    | Entered Level 6 of a ziggurat
126595 | Zig:6    | Identified Cigotuvi's Papyrus of Unstable Unholy Rites
126614 | Zig:7    | Entered Level 7 of a ziggurat
126616 | Zig:7    | Found the +9 heavy crossbow "Sniper" {vorpal, Acc+∞ SInv}
126634 | Zig:7    | Identified the Papyrus of the Dark Rocks
126681 | Zig:8    | Entered Level 8 of a ziggurat
126685 | Zig:8    | Reached skill level 15 in Ice Magic
126708 | Zig:8    | Got a coiled lead ring
126740 | Zig:8    | Identified the ring of Perfectionism {+Blink rPois rN+
                  | Int-3} (You found it on level 8 of a ziggurat)
126741 | Zig:8    | Identified the +5 gold dragon scales of Vahest Zats
                  | {*Corrode rPois rF+ rC+ MR++ Str+2 Stlth+} (You found it on
                  | level 3 of a ziggurat)
126751 | Zig:9    | Entered Level 9 of a ziggurat
126753 | Zig:9    | Noticed Maetuj the pandemonium lord
126755 | Zig:9    | Killed Maetuj the pandemonium lord
127064 | Zig:10   | Entered Level 10 of a ziggurat
127067 | Zig:10   | Noticed a greater mummy
127067 | Zig:10   | Noticed a greater mummy
127067 | Zig:10   | Noticed a greater mummy
127068 | Zig:10   | Killed a greater mummy
127069 | Zig:10   | Killed a greater mummy
127071 | Zig:10   | Killed a greater mummy
127157 | Zig:11   | Entered Level 11 of a ziggurat
127243 | Zig:11   | Identified the Compendium of Unstable Combat Magic
127250 | Zig:11   | Identified the Guide on the Scorching Mountains
127256 | Zig:11   | Identified the +2 pair of gloves of Impressiveness {*Drain
                  | rPois Slay+3} (You found it on level 11 of a ziggurat)
127271 | Zig:11   | Identified the +2 pair of boots "Zeal" {Str+4 Slay+3} (You
                  | found it on level 11 of a ziggurat)
127339 | Zig:12   | Entered Level 12 of a ziggurat
127357 | Zig:12   | Identified Witchery, Part Three
127450 | Zig:13   | Entered Level 13 of a ziggurat
127453 | Zig:13   | Reached skill level 15 in Axes
127543 | Zig:14   | Entered Level 14 of a ziggurat
127545 | Zig:14   | Noticed a greater mummy
127547 | Zig:14   | Noticed a greater mummy
127547 | Zig:14   | Noticed a greater mummy
127547 | Zig:14   | Noticed a greater mummy
127548 | Zig:14   | Killed a greater mummy
127548 | Zig:14   | Killed a greater mummy
127548 | Zig:14   | Killed a greater mummy
127549 | Zig:14   | Killed a greater mummy
127675 | Zig:14   | Identified the ring of Awu Baom {Str+4 Stlth-} (You found
                  | it on level 14 of a ziggurat)
127708 | Zig:15   | Entered Level 15 of a ziggurat
127712 | Zig:15   | Reached skill level 5 in Armour
127884 | Zig:15   | Identified the Volume of Fiery Venom
128024 | Zig:16   | Entered Level 16 of a ziggurat
128028 | Zig:16   | Reached skill level 10 in Armour
128031 | Zig:16   | Identified Zuneikk's Incunabulum of Weightlessness and
                  | Malediction
128152 | Zig:17   | Entered Level 17 of a ziggurat
128156 | Zig:17   | Reached skill level 15 in Armour
128220 | Zig:17   | Identified the Grimoire of Congealing Transmutation
128264 | Zig:17   | Identified the amulet "Kepo" {Regen+ MP+9 Dex+2} (You found
                  | it on level 17 of a ziggurat)
128270 | Zig:17   | Got a transparent broad axe
128271 | Zig:17   | Identified the cursed +1 broad axe of the Destroying
                  | Saviour {vorpal, rF- rN++ Str+3} (You found it on level 17
                  | of a ziggurat)
128295 | Zig:17   | Identified the cursed -1 helmet of the Kettle-Drum {rElec
                  | rF++ Dex+3} (You found it on level 17 of a ziggurat)
128375 | Zig:17   | Identified the cursed +0 plate armour of Yxtok {*Contam rC+
                  | Str+10} (You found it on level 17 of a ziggurat)
128480 | Zig:18   | Entered Level 18 of a ziggurat
128483 | Zig:18   | Noticed an ancient lich
128483 | Zig:18   | Noticed an ancient lich
128483 | Zig:18   | Noticed an ancient lich
128483 | Zig:18   | Noticed an ancient lich
128483 | Zig:18   | Noticed an ancient lich
128484 | Zig:18   | Killed an ancient lich
128485 | Zig:18   | Killed an ancient lich
128487 | Zig:18   | Killed an ancient lich
128487 | Zig:18   | Killed an ancient lich
128490 | Zig:18   | Killed an ancient lich
128788 | Zig:18   | Identified the ring "Evechij" {*Tele +Inv} (You found it on
                  | level 18 of a ziggurat)
128790 | Zig:18   | Identified the +0 pair of gloves of Xom's Displeasure
                  | {rElec Regen+ Str+3 Int-5} (You found it on level 18 of a
                  | ziggurat)
128792 | Zig:18   | Identified the +6 plate armour of the Moon {rElec Int+2
                  | Dex+3} (You found it on level 18 of a ziggurat)
128896 | Zig:19   | Entered Level 19 of a ziggurat
129026 | Zig:19   | Identified the Reference Book on Enhancements and the
                  | Volcanoes
129044 | Zig:19   | Identified the amulet "Coun" {Inacc MR++} (You found it on
                  | level 19 of a ziggurat)
129071 | Zig:19   | Identified the +2 robe of the Shining Light {rElec} (You
                  | found it on level 19 of a ziggurat)
129186 | Zig:20   | Entered Level 20 of a ziggurat
129192 | Zig:20   | Found the +0 pair of fencer's gloves {Riposte Dex+3}
129213 | Zig:20   | Identified the Almanac of Doomed Conjuration
129235 | Zig:20   | Identified the cursed +1 fire dragon scales of the Stars
                  | {+Blink +Inv rF++ rC- MR+ Slay+3} (You found it on level 20
                  | of a ziggurat)
129243 | Zig:20   | Identified Gexam's Tome of Displacement and Air
129250 | Zig:20   | Identified the ring "Boxzoall" {+Fly MR+ Int+5 Dex-2} (You
                  | found it on level 20 of a ziggurat)
129369 | Zig:21   | Entered Level 21 of a ziggurat
129374 | Zig:21   | Found the +8 orange crystal plate armour {Archmagi, Int+3
                  | Clar}
129374 | Zig:21   | Found the +7 Spriggan's Knife {stab, EV+4 Stlth+}
129464 | Zig:21   | Identified the Guide on Heat
129606 | Zig:22   | Entered Level 22 of a ziggurat
129941 | Zig:22   | Got a coiled marble ring
129944 | Zig:22   | Got a flickering pewter ring
129953 | Zig:22   | Identified the ring "Tuosol" {rCorr Int+2 SInv} (You found
                  | it on level 22 of a ziggurat)
129955 | Zig:22   | Identified the ring of Uxoast {rN+ Slay+6 SInv} (You found
                  | it on level 22 of a ziggurat)
130096 | Zig:23   | Entered Level 23 of a ziggurat
130121 | Zig:23   | Noticed an ancient lich
130124 | Zig:23   | Killed an ancient lich
130204 | Zig:23   | Paralysed by accursed screaming for 1 turns
130407 | Zig:23   | Identified the Handbook of the Mountains
130422 | Zig:23   | Identified Sif Muna's Incunabulum of the Displaced
                  | Volcanoes
130430 | Zig:23   | Identified the ring of Jiqub {rF++ Dex+6} (You found it on
                  | level 23 of a ziggurat)
130488 | Zig:24   | Entered Level 24 of a ziggurat
130492 | Zig:24   | Noticed an ancient lich
130493 | Zig:24   | Noticed an ancient lich
130497 | Zig:24   | Killed an ancient lich
130501 | Zig:24   | Killed an ancient lich
130888 | Zig:24   | Got a pitted brass ring
130896 | Zig:24   | Got a pair of heavily runed boots
130900 | Zig:24   | Got a sparkling pewter ring
130909 | Zig:24   | Identified the ring "Ruycizup" {+Fly rF- MR+ Dex+5} (You
                  | found it on level 24 of a ziggurat)
130911 | Zig:24   | Identified the ring "Boxeom" {rF+ MR+ Int+8 Dex-4} (You
                  | found it on level 24 of a ziggurat)
130922 | Zig:24   | Identified the cursed +0 pair of boots "Neumueso" {rElec
                  | MR- Stlth+} (You found it on level 24 of a ziggurat)
131087 | Zig:25   | Entered Level 25 of a ziggurat
131094 | Zig:25   | Found the +2 Maxwell's thermic engine {flame, freeze}
131350 | Zig:25   | Identified the Grimoire of the Dove
131382 | Zig:25   | Learned a level 9 spell: Tornado
131461 | Zig:26   | Entered Level 26 of a ziggurat
131467 | Zig:26   | Found the +8 frozen axe "Frostbite" {freezing cloud, *Noise
                  | +Fly rC+}
131467 | Zig:26   | Reached skill level 1 in Air Magic
131467 | Zig:26   | Reached skill level 5 in Air Magic
131469 | Zig:26   | Reached skill level 10 in Air Magic
131719 | Zig:26   | Identified the amulet of Caeqin Fearr {Reflect +Blink Dex+4
                  | SH+5} (You found it on level 26 of a ziggurat)
131722 | Zig:26   | Identified the amulet of the Blue Skies {Faith Int+5 Dex-4}
                  | (You found it on level 26 of a ziggurat)
131724 | Zig:26   | Identified the ring "Kour" {+Inv rElec rF+ rN++ MR+} (You
                  | found it on level 26 of a ziggurat)
131784 | Zig:27   | Entered Level 27 of a ziggurat
131790 | Zig:27   | Noticed a juggernaut
131791 | Zig:27   | Noticed a juggernaut
131791 | Zig:27   | Noticed a juggernaut
131791 | Zig:27   | Noticed a juggernaut
131792 | Zig:27   | Killed a juggernaut
131792 | Zig:27   | Killed a juggernaut
131792 | Zig:27   | Killed a juggernaut
131801 | Zig:27   | Killed a juggernaut
132069 | Zig:27   | Reached skill level 15 in Air Magic
132079 | Zig:27   | Identified the ring of Yffuituh {*Tele rElec rPois MR+}
                  | (You found it on level 27 of a ziggurat)
132093 | Zig:27   | Reached skill level 27 in Fighting
132106 | Zig:27   | Identified the ring of Zeocid {*Tele Int+5} (You found it
                  | on level 27 of a ziggurat)
132143 | Zig:27   | Identified the +9 plate armour "Qoxiur" {Slay+2} (You found
                  | it on level 27 of a ziggurat)
132217 | Zig:1    | Entered Level 1 of a ziggurat
132252 | Zig:2    | Entered Level 2 of a ziggurat
132272 | Zig:3    | Entered Level 3 of a ziggurat
132431 | Zig:4    | Entered Level 4 of a ziggurat
132431 | Zig:4    | Noticed Odoytrel the pandemonium lord
132436 | Zig:4    | Killed Odoytrel the pandemonium lord
132450 | Zig:4    | Identified Moneyb's Compendium of Lucky Earth
132522 | Zig:5    | Entered Level 5 of a ziggurat
132589 | Zig:5    | Got a glittering tin ring
132713 | Zig:6    | Entered Level 6 of a ziggurat
132716 | Zig:6    | Found the +11 plutonium sword {*Contam Stlth-}
132754 | Zig:6    | Identified Sif Muna's Papyrus of Supportive Ice
132765 | Zig:6    | Got a bloodstained ring mail
132791 | Zig:7    | Entered Level 7 of a ziggurat
132831 | Zig:7    | Identified the Incunabulum of the Glacier and Enhancements
132834 | Zig:7    | Identified the Grimoire of Talismans and Glamour
132845 | Zig:7    | Identified the +3 scale mail of Pathos {rElec} (You found
                  | it on level 7 of a ziggurat)
132948 | Zig:7    | Got an ichor-stained rapier
132950 | Zig:8    | Entered Level 8 of a ziggurat
132975 | Zig:8    | Got a pitted ruby amulet
133034 | Zig:8    | Identified the amulet "Xokamucha" {Faith rC+ Str-4 Slay+6}
                  | (You found it on level 8 of a ziggurat)
133036 | Zig:8    | Identified the ring of Meucwiut {*Tele rF- rN+ MR+ Str+3}
                  | (You found it on level 5 of a ziggurat)
133168 | Zig:9    | Entered Level 9 of a ziggurat
133239 | Zig:10   | Entered Level 10 of a ziggurat
133241 | Zig:10   | Found the +18 shield of the Gong {rElec rN+ MR+ EV-5}
133260 | Zig:10   | Got a slimy jade ring
133297 | Zig:10   | Got a scorched tower shield
133308 | Zig:10   | Identified the -5 tower shield of Koiffuxu {rElec Str-5
                  | Int+3} (You found it on level 10 of a ziggurat)
133428 | Zig:11   | Entered Level 11 of a ziggurat
133430 | Zig:11   | Noticed a juggernaut
133432 | Zig:11   | Found the ring of Phasing {EV+8}
133432 | Zig:11   | Killed a juggernaut
133436 | Zig:11   | Identified the Tome of Feathers and Shape Shifting
133524 | Zig:12   | Entered Level 12 of a ziggurat
133526 | Zig:12   | Noticed a greater mummy
133526 | Zig:12   | Noticed a greater mummy
133526 | Zig:12   | Noticed a greater mummy
133526 | Zig:12   | Noticed a greater mummy
133528 | Zig:12   | Noticed a greater mummy
133528 | Zig:12   | Noticed a greater mummy
133529 | Zig:12   | Found the +3 pair of gauntlets of War {Slay+5}
133529 | Zig:12   | Found the ring of Robustness {AC+8}
133529 | Zig:12   | Killed a greater mummy
133529 | Zig:12   | Killed a greater mummy
133529 | Zig:12   | Killed a greater mummy
133532 | Zig:12   | Killed a greater mummy
133532 | Zig:12   | Killed a greater mummy
133533 | Zig:12   | Killed a greater mummy
133566 | Zig:12   | Identified the Collected Works on Scorching Transmigration
133588 | Zig:12   | Identified the +4 ring mail of Iwaeguz {*Slow rC++ rN++}
                  | (You found it on level 6 of a ziggurat)
133611 | Zig:12   | Got an iridescent war axe
133617 | Zig:12   | Identified the +12 war axe of Paapneb {protect, Str+4} (You
                  | found it on level 12 of a ziggurat)
133618 | Zig:12   | Identified the ring of Ydecav {Ice Dex+3 Slay+2} (You found
                  | it on level 10 of a ziggurat)
133634 | Zig:13   | Entered Level 13 of a ziggurat
133879 | Zig:13   | Identified the cursed +0 robe of Polytheism {rC+ Regen+
                  | Dex+3 Slay-4} (You found it on level 13 of a ziggurat)
133883 | Zig:13   | Identified the ring "Doimm" {rPois rN+ rCorr Dex+4 Slay+2}
                  | (You found it on level 13 of a ziggurat)
133885 | Zig:13   | Identified the amulet "Ebby" {Spirit rN+ Str+2} (You found
                  | it on level 13 of a ziggurat)
133958 | Zig:14   | Entered Level 14 of a ziggurat
133960 | Zig:14   | Noticed a juggernaut
133965 | Zig:14   | Killed a juggernaut
134065 | Zig:15   | Entered Level 15 of a ziggurat
134067 | Zig:15   | Noticed Qaikkimm the pandemonium lord
134067 | Zig:15   | Noticed Ogiazon the pandemonium lord
134067 | Zig:15   | Noticed Derouth the pandemonium lord
134067 | Zig:15   | Noticed Tefuidom the pandemonium lord
134067 | Zig:15   | Noticed Ypooc the pandemonium lord
134067 | Zig:15   | Noticed Guat Daewk the pandemonium lord
134067 | Zig:15   | Noticed Opeij the pandemonium lord
134067 | Zig:15   | Noticed Saomosut the pandemonium lord
134067 | Zig:15   | Noticed Rautt the pandemonium lord
134067 | Zig:15   | Noticed Fuiddeuq the pandemonium lord
134067 | Zig:15   | Noticed Zues the pandemonium lord
134067 | Zig:15   | Noticed Seinisam the pandemonium lord
134067 | Zig:15   | Noticed Nedomp the pandemonium lord
134067 | Zig:15   | Noticed Cojyd the pandemonium lord
134068 | Zig:15   | Killed Ogiazon the pandemonium lord
134068 | Zig:15   | Killed Opeij the pandemonium lord
134069 | Zig:15   | Killed Qaikkimm the pandemonium lord
134072 | Zig:15   | Killed Saomosut the pandemonium lord
134072 | Zig:15   | Killed Ypooc the pandemonium lord
134072 | Zig:15   | Killed Fuiddeuq the pandemonium lord
134074 | Zig:15   | Killed Derouth the pandemonium lord
134074 | Zig:15   | Killed Nedomp the pandemonium lord
134074 | Zig:15   | Killed Cojyd the pandemonium lord
134074 | Zig:15   | Killed Seinisam the pandemonium lord
134075 | Zig:15   | Killed Guat Daewk the pandemonium lord
134075 | Zig:15   | Killed Tefuidom the pandemonium lord
134075 | Zig:15   | Killed Zues the pandemonium lord
134075 | Zig:15   | Killed Rautt the pandemonium lord
134371 | Zig:15   | Identified Icaymm's Compendium of the Last Suns
134397 | Zig:15   | Identified the amulet of Charity {Reflect rPois rC+ rN+
                  | SH+5} (You found it on level 15 of a ziggurat)
134418 | Zig:16   | Entered Level 16 of a ziggurat
134421 | Zig:16   | Noticed an ancient lich
134421 | Zig:16   | Noticed an ancient lich
134422 | Zig:16   | Noticed an ancient lich
134424 | Zig:16   | Killed an ancient lich
134425 | Zig:16   | Killed an ancient lich
134425 | Zig:16   | Killed an ancient lich
134447 | Zig:16   | Noticed an ancient lich
134457 | Zig:16   | Killed an ancient lich
134519 | Zig:16   | Identified the Almanac of Scorching Lightness
134522 | Zig:16   | Identified Kunaff's Papyrus of Quantum Glamour
134587 | Zig:17   | Entered Level 17 of a ziggurat
134589 | Zig:17   | Noticed a juggernaut
134589 | Zig:17   | Noticed a juggernaut
134589 | Zig:17   | Noticed a juggernaut
134589 | Zig:17   | Noticed a juggernaut
134589 | Zig:17   | Noticed a juggernaut
134589 | Zig:17   | Noticed a juggernaut
134589 | Zig:17   | Noticed a juggernaut
134589 | Zig:17   | Noticed a juggernaut
134590 | Zig:17   | Noticed a juggernaut
134590 | Zig:17   | Noticed a juggernaut
134592 | Zig:17   | Killed a juggernaut
134592 | Zig:17   | Killed a juggernaut
134592 | Zig:17   | Killed a juggernaut
134592 | Zig:17   | Killed a juggernaut
134592 | Zig:17   | Killed a juggernaut
134592 | Zig:17   | Killed a juggernaut
134592 | Zig:17   | Killed a juggernaut
134594 | Zig:17   | Killed a juggernaut
134594 | Zig:17   | Killed a juggernaut
134614 | Zig:17   | Killed a juggernaut
134685 | Zig:17   | Identified the Tome of Entrancing Cold
134740 | Zig:18   | Entered Level 18 of a ziggurat
134778 | Zig:18   | Identified the ring of Kagophav {+Fly rF+ Int+3} (You found
                  | it on level 18 of a ziggurat)
134788 | Zig:18   | Identified the +4 fire dragon scales of the Bagpipe {rF++
                  | rC- Regen+} (You found it on level 18 of a ziggurat)
134792 | Zig:18   | Identified the +2 kite shield of Resonance {rF+} (You found
                  | it on level 18 of a ziggurat)
134826 | Zig:18   | Identified the cursed +1 robe of Ashriuce {rPois rN+++
                  | Regen+ Str-4} (You found it on level 18 of a ziggurat)
134849 | Zig:18   | Identified the +1 leather armour "Isanilas" {rPois Str+3
                  | Int+3 Dex+3} (You found it on level 18 of a ziggurat)
134855 | Zig:18   | Identified the +8 ring mail of the Depths {Regen+ Dex+2}
                  | (You found it on level 18 of a ziggurat)
134964 | Zig:19   | Entered Level 19 of a ziggurat
135003 | Zig:19   | Reached skill level 27 in Armour
135018 | Zig:19   | Identified the Catalogue of Fire and Conjuration
135054 | Zig:19   | Identified the +5 war axe of Cruel Justice {protect, Int-4
                  | Dex+4 SInv} (You found it on level 19 of a ziggurat)
135094 | Zig:20   | Entered Level 20 of a ziggurat
135239 | Zig:20   | Got a brightly glowing iron amulet
135285 | Zig:20   | Identified the +8 plate armour "Vubachamp" {*Drain *Slow
                  | rC++ Slay+5} (You found it on level 20 of a ziggurat)
135386 | Zig:21   | Entered Level 21 of a ziggurat
135391 | Zig:21   | Reached skill level 27 in Shields
135391 | Zig:21   | Reached skill level 27 in Dodging
135570 | Zig:21   | Identified the cursed +0 helmet of Watzalux {Harm *Drain
                  | rElec} (You found it on level 21 of a ziggurat)
135618 | Zig:22   | Entered Level 22 of a ziggurat
135622 | Zig:22   | Found the +7 lajatang of Order {silver, rMut}
135622 | Zig:22   | Reached skill level 27 in Conjurations
135694 | Zig:22   | Identified the amulet of Paoppe {Acrobat rF++ MR- Stlth+}
                  | (You found it on level 22 of a ziggurat)
135725 | Zig:22   | Identified the +7 plate armour of Vehumet's Fury {*Drain
                  | Int+5} (You found it on level 22 of a ziggurat)
135743 | Zig:22   | Identified the +1 robe "Odong" {rC+} (You found it on level
                  | 22 of a ziggurat)
135747 | Zig:22   | Identified the amulet "Dioqorhu" {Faith +Blink MR+ Str-3}
                  | (You found it on level 20 of a ziggurat)
135780 | Zig:23   | Entered Level 23 of a ziggurat
135784 | Zig:23   | Reached skill level 15 in Transmutations
135786 | Zig:23   | Found the cursed +14 obsidian axe {vorpal, +Fly SInv
                  | *Curse}
135786 | Zig:23   | Found the amulet of the Four Winds {rN+ MR+++ Clar}
135905 | Zig:23   | Identified the Compendium of Heat and the Compass
136009 | Zig:24   | Entered Level 24 of a ziggurat
136024 | Zig:24   | Noticed Yciuk the pandemonium lord
136062 | Zig:24   | Killed Yciuk the pandemonium lord
136100 | Zig:24   | Found the +10 dark maul {vorpal}
136122 | Zig:24   | Identified the +3 plate armour of Apathy {rN+ Dex+3} (You
                  | found it on level 24 of a ziggurat)
136276 | Zig:25   | Entered Level 25 of a ziggurat
136385 | Zig:25   | Identified the Reference Book on Flight and Darkness
136408 | Zig:25   | Identified the Almanac of Boosts
136435 | Zig:25   | Identified the +5 war axe of jazmu's Misery {antimagic,
                  | Stlth+} (You found it on level 25 of a ziggurat)
136437 | Zig:25   | Identified the ring of the Sparrow {rC++ MR+} (You found it
                  | on level 25 of a ziggurat)
136440 | Zig:25   | Identified the +10 plate armour of Narcissism {rPois Int+2}
                  | (You found it on level 25 of a ziggurat)
136445 | Zig:25   | Identified the amulet "Qatradij" {rF+ MR+ Regen+ Str+4
                  | Int-4} (You found it on level 25 of a ziggurat)
136559 | Zig:26   | Entered Level 26 of a ziggurat
136562 | Zig:26   | Noticed Gugaire the pandemonium lord
136562 | Zig:26   | Noticed Osteill the pandemonium lord
136562 | Zig:26   | Noticed Osiseo the pandemonium lord
136562 | Zig:26   | Noticed Qopn the pandemonium lord
136562 | Zig:26   | Noticed Vuruhaol the pandemonium lord
136562 | Zig:26   | Noticed Pestooc the pandemonium lord
136562 | Zig:26   | Noticed Buipla the pandemonium lord
136562 | Zig:26   | Noticed Ocsagamn the pandemonium lord
136562 | Zig:26   | Noticed Aluozoc the pandemonium lord
136562 | Zig:26   | Noticed Poenamm the pandemonium lord
136563 | Zig:26   | Noticed Muxintut the pandemonium lord
136563 | Zig:26   | Noticed Irphae the pandemonium lord
136563 | Zig:26   | Noticed Jeriupna the pandemonium lord
136563 | Zig:26   | Noticed Wecuffie the pandemonium lord
136563 | Zig:26   | Noticed Dogg the pandemonium lord
136563 | Zig:26   | Noticed Aploox the pandemonium lord
136563 | Zig:26   | Noticed Xangeng the pandemonium lord
136563 | Zig:26   | Noticed Cicurgh the pandemonium lord
136563 | Zig:26   | Noticed Dadeeric the pandemonium lord
136563 | Zig:26   | Noticed Dolid the pandemonium lord
136563 | Zig:26   | Noticed Uqesuorgh the pandemonium lord
136563 | Zig:26   | Noticed Ecrep the pandemonium lord
136563 | Zig:26   | Noticed Moniasarph the pandemonium lord
136563 | Zig:26   | Noticed Atuezem the pandemonium lord
136563 | Zig:26   | Noticed Lioluash the pandemonium lord
136564 | Zig:26   | Noticed Nujej the pandemonium lord
136564 | Zig:26   | Killed Moniasarph the pandemonium lord
136564 | Zig:26   | Killed Osteill the pandemonium lord
136564 | Zig:26   | Killed Osiseo the pandemonium lord
136564 | Zig:26   | Noticed Ylionyar the pandemonium lord
136564 | Zig:26   | Noticed Jeoh Hif the pandemonium lord
136564 | Zig:26   | Noticed Obiuqiu the pandemonium lord
136565 | Zig:26   | Noticed Vollacs the pandemonium lord
136566 | Zig:26   | Killed Dogg the pandemonium lord
136566 | Zig:26   | Killed Vuruhaol the pandemonium lord
136566 | Zig:26   | Killed Poenamm the pandemonium lord
136566 | Zig:26   | Killed Qopn the pandemonium lord
136566 | Zig:26   | Killed Dolid the pandemonium lord
136566 | Zig:26   | Killed Jeoh Hif the pandemonium lord
136566 | Zig:26   | Killed Aploox the pandemonium lord
136566 | Zig:26   | Killed Buipla the pandemonium lord
136566 | Zig:26   | Noticed Siyfilo the pandemonium lord
136567 | Zig:26   | Killed Uqesuorgh the pandemonium lord
136567 | Zig:26   | Killed Irphae the pandemonium lord
136567 | Zig:26   | Killed Atuezem the pandemonium lord
136567 | Zig:26   | Killed Vollacs the pandemonium lord
136567 | Zig:26   | Killed Ecrep the pandemonium lord
136571 | Zig:26   | Killed Muxintut the pandemonium lord
136571 | Zig:26   | Killed Lioluash the pandemonium lord
136571 | Zig:26   | Killed Nujej the pandemonium lord
136572 | Zig:26   | Noticed Kaeggon the pandemonium lord
136573 | Zig:26   | Noticed Dickabar the pandemonium lord
136573 | Zig:26   | Killed Gugaire the pandemonium lord
136573 | Zig:26   | Noticed Sifujam the pandemonium lord
136574 | Zig:26   | Killed Aluozoc the pandemonium lord
136574 | Zig:26   | Killed Jeriupna the pandemonium lord
136574 | Zig:26   | Killed Wecuffie the pandemonium lord
136575 | Zig:26   | Killed Ylionyar the pandemonium lord
136576 | Zig:26   | Killed Pestooc the pandemonium lord
136577 | Zig:26   | Killed Siyfilo the pandemonium lord
136577 | Zig:26   | Killed Cicurgh the pandemonium lord
136577 | Zig:26   | Killed Xangeng the pandemonium lord
136577 | Zig:26   | Killed Dadeeric the pandemonium lord
136577 | Zig:26   | Killed Ocsagamn the pandemonium lord
136583 | Zig:26   | Killed Kaeggon the pandemonium lord
136583 | Zig:26   | Killed Dickabar the pandemonium lord
136585 | Zig:26   | Killed Sifujam the pandemonium lord
136592 | Zig:26   | Killed Obiuqiu the pandemonium lord
136824 | Zig:26   | Identified the +2 robe of Terror {-Tele rPois Dex+2} (You
                  | found it on level 26 of a ziggurat)
136995 | Zig:27   | Entered Level 27 of a ziggurat
137014 | Zig:27   | Found the +7 mace of Variability {chain chaos}
137294 | Zig:27   | Identified the ring of Contentment {Ice rN+ MR- Int+5
                  | Stlth+} (You found it on level 27 of a ziggurat)
137561 | Lair:1   | Lost mutation: You are robust. (+10% HP) [potion of
                  | mutation]
137561 | Lair:1   | Lost mutation: You possess an exceptional clarity of mind.
                  | [potion of mutation]
137561 | Lair:1   | Gained mutation: You are covered in fur. (AC +1) [potion of
                  | mutation]
137562 | Lair:1   | Lost mutation: You are somewhat resistant to further
                  | mutation. [potion of mutation]
137562 | Lair:1   | Gained mutation: You are partially covered in large bone
                  | plates. (SH +4) [potion of mutation]
137562 | Lair:1   | Lost mutation: You are partially covered in large bone
                  | plates. (SH +4) [potion of mutation]
137562 | Lair:1   | Gained mutation: Your natural rate of healing is unusually
                  | fast. [potion of mutation]
137563 | Lair:1   | Lost mutation: Your natural rate of healing is unusually
                  | fast. [potion of mutation]
137563 | Lair:1   | Lost mutation: You are covered in fur. (AC +1) [potion of
                  | mutation]
137563 | Lair:1   | Gained mutation: You occasionally shout uncontrollably at
                  | your foes. [potion of mutation]
137563 | Lair:1   | Gained mutation: Your flesh is cold resistant. (rC+)
                  | [potion of mutation]
137564 | Lair:1   | Lost mutation: You occasionally shout uncontrollably at
                  | your foes. [potion of mutation]
137564 | Lair:1   | Lost mutation: Your flesh is cold resistant. (rC+) [potion
                  | of mutation]
137564 | Lair:1   | Gained mutation: You expend magic power (3 MP) to
                  | strengthen your wands. [potion of mutation]
137564 | Lair:1   | Gained mutation: You are resistant to hostile enchantments.
                  | (MR+) [potion of mutation]
137565 | Lair:1   | Lost mutation: You expend magic power (3 MP) to strengthen
                  | your wands. [potion of mutation]
137565 | Lair:1   | Lost mutation: You are resistant to hostile enchantments.
                  | (MR+) [potion of mutation]
137565 | Lair:1   | Gained mutation: You have sharp toenails. [potion of
                  | mutation]
137565 | Lair:1   | Gained mutation: You are robust. (+10% HP) [potion of
                  | mutation]
137566 | Lair:1   | Lost mutation: You have sharp toenails. [potion of
                  | mutation]
137566 | Lair:1   | Lost mutation: You are robust. (+10% HP) [potion of
                  | mutation]
137566 | Lair:1   | Gained mutation: You are resistant to hostile enchantments.
                  | (MR+) [potion of mutation]
137566 | Lair:1   | Gained mutation: You have sharp toenails. [potion of
                  | mutation]
137567 | Lair:1   | Lost mutation: You are resistant to hostile enchantments.
                  | (MR+) [potion of mutation]
137567 | Lair:1   | Lost mutation: You have sharp toenails. [potion of
                  | mutation]
137567 | Lair:1   | Gained mutation: You have a pair of small antennae on your
                  | head. [potion of mutation]
137567 | Lair:1   | Gained mutation: Your skin changes colour to match your
                  | surroundings (Stealth+). [potion of mutation]
137568 | Lair:1   | Lost mutation: You have a pair of small antennae on your
                  | head. [potion of mutation]
137568 | Lair:1   | Lost mutation: Your skin changes colour to match your
                  | surroundings (Stealth+). [potion of mutation]
137568 | Lair:1   | Gained mutation: Scrolls take you a little longer to read.
                  | [potion of mutation]
137568 | Lair:1   | Gained mutation: Your flesh is cold resistant. (rC+)
                  | [potion of mutation]
137568 | Lair:1   | Gained mutation: Your muscles are strong. (Str +2) [potion
                  | of mutation]
137569 | Lair:1   | Lost mutation: Scrolls take you a little longer to read.
                  | [potion of mutation]
137569 | Lair:1   | Lost mutation: Your muscles are strong. (Str +2) [potion of
                  | mutation]
137569 | Lair:1   | Lost mutation: Your flesh is cold resistant. (rC+) [potion
                  | of mutation]
137569 | Lair:1   | Gained mutation: You are partially covered in molten
                  | scales. (AC +2) [potion of mutation]
137569 | Lair:1   | Gained mutation: You are robust. (+10% HP) [potion of
                  | mutation]
137570 | Lair:1   | Lost mutation: You are robust. (+10% HP) [potion of
                  | mutation]
137570 | Lair:1   | Gained mutation: Your muscles are strong. (Str +2) [potion
                  | of mutation]
137570 | Lair:1   | Gained mutation: You evolve. [potion of mutation]
137571 | Lair:1   | Lost mutation: Your muscles are strong. (Str +2) [potion of
                  | mutation]
137571 | Lair:1   | Lost mutation: You evolve. [potion of mutation]
137571 | Lair:1   | Lost mutation: You are partially covered in molten scales.
                  | (AC +2) [potion of mutation]
137571 | Lair:1   | Gained mutation: You have a pair of small horns on your
                  | head. [potion of mutation]
137571 | Lair:1   | Gained mutation: You have a somewhat thin skeletal
                  | structure. (Dex +2, Stealth) [potion of mutation]
137571 | Lair:1   | Gained mutation: You are covered in fur. (AC +1) [potion of
                  | mutation]
137572 | Lair:1   | Lost mutation: You are covered in fur. (AC +1) [potion of
                  | mutation]
137572 | Lair:1   | Lost mutation: You have a somewhat thin skeletal structure.
                  | (Dex +2, Stealth) [potion of mutation]
137572 | Lair:1   | Gained mutation: You are occasionally teleported next to
                  | monsters. [potion of mutation]
137572 | Lair:1   | Gained mutation: You evolve. [potion of mutation]
137573 | Lair:1   | Lost mutation: You evolve. [potion of mutation]
137573 | Lair:1   | Lost mutation: You have a pair of small horns on your head.
                  | [potion of mutation]
137573 | Lair:1   | Gained mutation: You occasionally shout uncontrollably at
                  | your foes. [potion of mutation]
137573 | Lair:1   | Gained mutation: Your body sometimes deteriorates upon
                  | taking damage. [potion of mutation]
137573 | Lair:1   | Gained mutation: Your mind is acute. (Int +2) [potion of
                  | mutation]
137574 | Lair:1   | Lost mutation: Your mind is acute. (Int +2) [potion of
                  | mutation]
137574 | Lair:1   | Lost mutation: Your body sometimes deteriorates upon taking
                  | damage. [potion of mutation]
137574 | Lair:1   | Gained mutation: Your spells are a little harder to cast,
                  | but a little more powerful. [potion of mutation]
137574 | Lair:1   | Gained mutation: Your flesh is heat resistant. (rF+)
                  | [potion of mutation]
137574 | Lair:1   | Gained mutation: You passively map a small area around you.
                  | [potion of mutation]
137574 | Lair:1   | Gained mutation: You possess an exceptional clarity of
                  | mind. [potion of mutation]
137575 | Lair:1   | Lost mutation: You possess an exceptional clarity of mind.
                  | [potion of mutation]
137575 | Lair:1   | Lost mutation: You are occasionally teleported next to
                  | monsters. [potion of mutation]
137575 | Lair:1   | Lost mutation: Your flesh is heat resistant. (rF+) [potion
                  | of mutation]
137575 | Lair:1   | Gained mutation: Your flesh is heat resistant. (rF+)
                  | [potion of mutation]
137575 | Lair:1   | Gained mutation: Your movements are slightly less
                  | encumbered by armour. (ER -2) [potion of mutation]
137575 | Lair:1   | Gained mutation: You possess an exceptional clarity of
                  | mind. [potion of mutation]
137576 | Lair:1   | Lost mutation: Your spells are a little harder to cast, but
                  | a little more powerful. [potion of mutation]
137576 | Lair:1   | Lost mutation: Your movements are slightly less encumbered
                  | by armour. (ER -2) [potion of mutation]
137576 | Lair:1   | Lost mutation: You occasionally shout uncontrollably at
                  | your foes. [potion of mutation]
137576 | Lair:1   | Gained mutation: You are partially covered in thin metallic
                  | scales. (AC +2) [potion of mutation]
137576 | Lair:1   | Gained mutation: Your spells are a little harder to cast,
                  | but a little more powerful. [potion of mutation]
137576 | Lair:1   | Gained mutation: Your muscles are strong. (Str +2) [potion
                  | of mutation]
137741 | Zig:1    | Entered Level 1 of a ziggurat
137754 | Zig:2    | Entered Level 2 of a ziggurat
137755 | Zig:2    | Reached skill level 1 in Throwing
137772 | Zig:3    | Entered Level 3 of a ziggurat
137807 | Zig:3    | Identified the cursed +1 ring mail "Qujaejuxt" {rN+ MR+
                  | Int+2} (You found it on level 3 of a ziggurat)
137931 | Zig:4    | Entered Level 4 of a ziggurat
137931 | Zig:4    | Noticed Getweulu the pandemonium lord
137935 | Zig:4    | Killed Getweulu the pandemonium lord
137935 | Zig:4    | Reached skill level 5 in Throwing
138036 | Zig:5    | Entered Level 5 of a ziggurat
138059 | Zig:5    | Identified Ykkov's Compendium of Conjuration and Stolen
                  | Souls
138095 | Zig:6    | Entered Level 6 of a ziggurat
138207 | Zig:7    | Entered Level 7 of a ziggurat
138228 | Zig:7    | Identified Biminas's Volume of Flames
138383 | Zig:8    | Entered Level 8 of a ziggurat
138384 | Zig:8    | Noticed a greater mummy
138384 | Zig:8    | Noticed a greater mummy
138384 | Zig:8    | Noticed a greater mummy
138384 | Zig:8    | Noticed a greater mummy
138386 | Zig:8    | Killed a greater mummy
138386 | Zig:8    | Killed a greater mummy
138386 | Zig:8    | Noticed a greater mummy
138387 | Zig:8    | Noticed a greater mummy
138389 | Zig:8    | Killed a greater mummy
138389 | Zig:8    | Killed a greater mummy
138389 | Zig:8    | Killed a greater mummy
138390 | Zig:8    | Killed a greater mummy
138465 | Zig:8    | Got a crude brass ring
138470 | Zig:8    | Identified the Grimoire of Conjuration and Protection
138529 | Zig:9    | Entered Level 9 of a ziggurat
138531 | Zig:9    | Noticed an ancient lich
138537 | Zig:9    | Killed an ancient lich
138659 | Zig:9    | Identified the +3 scale mail "Foisucra" {Harm Regen+} (You
                  | found it on level 9 of a ziggurat)
138823 | Zig:10   | Entered Level 10 of a ziggurat
138840 | Zig:10   | Identified the Grimoire of Old and Reckless
138902 | Zig:11   | Entered Level 11 of a ziggurat
139214 | Zig:12   | Entered Level 12 of a ziggurat
139215 | Zig:12   | Noticed an ancient lich
139222 | Zig:12   | Killed an ancient lich
139404 | Zig:13   | Entered Level 13 of a ziggurat
139503 | Zig:13   | Identified the Grimoire of Frigorific Feathers
139515 | Zig:13   | Identified the Catalogue of Supportive Intoxication
139566 | Zig:14   | Entered Level 14 of a ziggurat
139568 | Zig:14   | Noticed Kipiloas the pandemonium lord
139569 | Zig:14   | Reached skill level 5 in Stealth
139571 | Zig:14   | Reached skill level 10 in Throwing
139594 | Zig:14   | Lost mutation: Your muscles are strong. (Str +2) [mutagenic
                  | glow]
139596 | Zig:14   | Killed Kipiloas the pandemonium lord
139599 | Zig:14   | Reached skill level 10 in Stealth
139890 | Zig:14   | Identified the ring "Qaukhlekk" {Ice rPois Dex+5} (You
                  | found it on level 14 of a ziggurat)
140030 | Zig:15   | Entered Level 15 of a ziggurat
140032 | Zig:15   | Identified the +2 tower shield of Vlad {+Inv rElec Str+3
                  | Slay+2}
140142 | Zig:15   | Identified the amulet of Orar {Faith MR+ Dex+2 Slay-2} (You
                  | found it on level 15 of a ziggurat)
140234 | Zig:16   | Entered Level 16 of a ziggurat
140237 | Zig:16   | Reached skill level 15 in Stealth
140239 | Zig:16   | Reached skill level 15 in Throwing
140363 | Zig:16   | Identified the Volume of the Mountains and Feathers
140878 | Hell     | Killed Geryon
141530 | Temple   | Fell from the grace of Sif Muna
141530 | Temple   | Became a worshipper of the Shining One
141807 | Hell     | Found a gateway to the ashen valley of Gehenna.
141921 | Hell     | Reached * piety under the Shining One
141968 | Hell     | Found a gateway to the decaying netherworld of Tartarus.
142000 | Hell     | Reached ** piety under the Shining One
142100 | Hell     | Reached *** piety under the Shining One
142107 | Hell     | Found a gateway to the freezing wastes of Cocytus.
142241 | Hell     | Found a gateway to the Iron City of Dis.
142387 | Coc:1    | Entered Level 1 of Cocytus
142387 | Coc:1    | Reached **** piety under the Shining One
142497 | Coc:1    | Reached ***** piety under the Shining One
142672 | Coc:2    | Reached ****** piety under the Shining One
143144 | Lair:1   | Identified the ring "Zaferr" {rF++ Dex+6} (You found it on
                  | level 8 of a ziggurat)
143188 | Lair:1   | Identified a +9 broad axe of holy wrath (a +9 vorpal broad
                  | axe blessed by the Shining One)
143188 | Lair:1   | Received a gift from the Shining One
143490 | Coc:2    | Reached skill level 10 in Invocations
143583 | Coc:3    | Cast into level 3 of the Abyss (reaper)
143926 | Abyss:3  | Found a shimmering altar of Xom.
143926 | Abyss:3  | Found a shimmering altar of Xom.
143928 | Abyss:3  | Found a shimmering altar of Xom.
143929 | Abyss:3  | Found a shimmering altar of Xom.
143929 | Abyss:3  | Found a shimmering altar of Xom.
143930 | Abyss:3  | Found a shimmering altar of Xom.
143999 | Abyss:3  | Found a shimmering altar of Xom.
144002 | Abyss:3  | Found a shimmering altar of Xom.
144008 | Abyss:3  | Found a shimmering altar of Xom.
144011 | Abyss:3  | Found a shimmering altar of Xom.
144011 | Abyss:3  | Found a shimmering altar of Xom.
144011 | Abyss:3  | Found a corrupted altar of Lugonu.
144011 | Abyss:3  | Found a shimmering altar of Xom.
144011 | Abyss:3  | Found a shimmering altar of Xom.
144011 | Abyss:3  | Found a shimmering altar of Xom.
144012 | Abyss:3  | Found a shimmering altar of Xom.
144012 | Abyss:3  | Found a shimmering altar of Xom.
144030 | Abyss:3  | Found a shimmering altar of Xom.
144033 | Abyss:3  | Found a shimmering altar of Xom.
144033 | Abyss:3  | Found a shimmering altar of Xom.
144036 | Abyss:3  | Found a shimmering altar of Xom.
144037 | Abyss:3  | Found a shimmering altar of Xom.
144037 | Abyss:3  | Found a shimmering altar of Xom.
144037 | Abyss:3  | Found a shimmering altar of Xom.
144062 | Abyss:3  | Found a shimmering altar of Xom.
144116 | Abyss:3  | Learned a level 1 spell: Apportation
144139 | Abyss:3  | Found a corrupted altar of Lugonu.
144658 | Abyss:3  | Paralysed by accursed screaming for 1 turns
144764 | Abyss:3  | Gained mutation: Scrolls take you a little longer to read.
                  | [a neqoxec]
144777 | Abyss:3  | Found a shadowy altar of Dithmenos.
144879 | Abyss:3  | Found a basalt altar of Yredelemnul.
144963 | Abyss:3  | Gained mutation: Your body sometimes deteriorates upon
                  | taking damage. [a neqoxec]
145014 | Abyss:3  | Paralysed by accursed screaming for 1 turns
145162 | Abyss:3  | Found a roughly hewn altar of Beogh.
145184 | Abyss:3  | Found a corrupted altar of Lugonu.
145271 | Abyss:3  | Found a corrupted altar of Lugonu.
145327 | Abyss:3  | Found a stormy altar of Qazlal.
145988 | Abyss:4  | Paralysed by you for 5 turns
146110 | Abyss:4  | Paralysed by you for 3 turns
146181 | Abyss:4  | Gained mutation: Your magical capacity is low. (-10% MP) [a
                  | neqoxec]
146191 | Abyss:4  | Reached skill level 15 in Invocations
146194 | Abyss:4  | Gained mutation: You are frail. (-10% HP) [a neqoxec]
146663 | Abyss:4  | Paralysed by you for 3 turns
146745 | Abyss:4  | Paralysed by accursed screaming for 1 turns
147627 | Abyss:4  | Found a corrupted altar of Lugonu.
147809 | Coc:3    | Escaped the Abyss
148034 | Coc:7    | Entered Level 7 of Cocytus
148667 | Coc:7    | Noticed Antaeus
148691 | Coc:7    | Killed Antaeus
148773 | Coc:7    | Got an icy rune of Zot
148778 | Coc:7    | Identified the Guide on Calling and Poisoning
148945 | Hell     | Lost mutation: Your body sometimes deteriorates upon taking
                  | damage. [potion of mutation]
148945 | Hell     | Lost mutation: You possess an exceptional clarity of mind.
                  | [potion of mutation]
148945 | Hell     | Lost mutation: Your spells are a little harder to cast, but
                  | a little more powerful. [potion of mutation]
148945 | Hell     | Lost mutation: Your flesh is heat resistant. (rF+) [potion
                  | of mutation]
148945 | Hell     | Gained mutation: You are agile. (Dex +2) [potion of
                  | mutation]
148945 | Hell     | Gained mutation: You are very agile. (Dex +4) [potion of
                  | mutation]
148946 | Hell     | Lost mutation: Scrolls take you a little longer to read.
                  | [potion of mutation]
148946 | Hell     | Lost mutation: Your magical capacity is low. (-10% MP)
                  | [potion of mutation]
148946 | Hell     | Lost mutation: You are very agile. (Dex +4) [potion of
                  | mutation]
148946 | Hell     | Lost mutation: You are partially covered in thin metallic
                  | scales. (AC +2) [potion of mutation]
148946 | Hell     | Gained mutation: You have a somewhat thin skeletal
                  | structure. (Dex +2, Stealth) [potion of mutation]
148946 | Hell     | Lost mutation: You are frail. (-10% HP) [potion of
                  | mutation]
149002 | Dis:1    | Entered Level 1 of the Iron City of Dis
149724 | Dis:7    | Entered Level 7 of the Iron City of Dis
149829 | Dis:7    | Reached skill level 27 in Axes
150174 | Dis:7    | Identified the +4 staff of Dispater
150174 | Dis:7    | Noticed Dispater
150193 | Dis:7    | Killed Dispater
150239 | Dis:7    | Was forgiven by Sif Muna
150312 | Dis:7    | Gained mutation: Your muscles are strong. (Str +2) [a
                  | cacodemon]
150364 | Dis:7    | Got an iron rune of Zot
150521 | Geh:1    | Entered Level 1 of Gehenna
150733 | Geh:2    | Found a huge runed gate.
150733 | Geh:2    | Found a huge runed gate.
150733 | Geh:2    | Found a huge runed gate.
151229 | Geh:4    | Learned a level 5 spell: Silence
151681 | Geh:7    | Entered Level 7 of Gehenna
151994 | Geh:7    | Identified the +10 spear of Oozing Pus {pain, rF+ Dex+3}
152078 | Geh:7    | Identified the +7 sceptre of Asmodeus
152078 | Geh:7    | Noticed Asmodeus
152088 | Geh:7    | Killed Asmodeus
152145 | Geh:7    | Got an obsidian rune of Zot
152343 | Tar:1    | Entered Level 1 of Tartarus
153116 | Tar:7    | Entered Level 7 of Tartarus
153679 | Tar:7    | Noticed Ereshkigal
153689 | Tar:7    | Killed Ereshkigal
153735 | Tar:7    | Got a bone rune of Zot
154588 | Pan      | Entered Pandemonium
154821 | Pan      | Reached skill level 27 in Ice Magic
154865 | Pan      | Noticed Opysieji the pandemonium lord
154876 | Pan      | Killed Opysieji the pandemonium lord
155114 | Pan      | Entered the realm of Gloorx Vloq.
155730 | Pan      | Noticed Gloorx Vloq
155741 | Pan      | Killed Gloorx Vloq
155781 | Pan      | Got a dark rune of Zot
156038 | Pan      | Entered the realm of Mnoleg.
156063 | Pan      | Gained mutation: Your mind is acute. (Int +2) [a neqoxec]
156120 | Pan      | Paralysed by a floating eye for 4 turns
156169 | Pan      | Gained mutation: Your magical capacity is low. (-10% MP) [a
                  | neqoxec]
156177 | Pan      | Noticed Mnoleg
156199 | Pan      | Killed Mnoleg
156243 | Pan      | Gained mutation: You tend to lose your temper in combat. [a
                  | cacodemon]
156317 | Pan      | Got a glowing rune of Zot
156375 | Pan      | Entered the realm of Lom Lobon.
156418 | Pan      | Found an exit through the horrors of the Abyss.
156480 | Pan      | Lost mutation: Your mind is acute. (Int +2) [potion of
                  | mutation]
156480 | Pan      | Lost mutation: Your magical capacity is low. (-10% MP)
                  | [potion of mutation]
156480 | Pan      | Lost mutation: You tend to lose your temper in combat.
                  | [potion of mutation]
156480 | Pan      | Lost mutation: Your muscles are strong. (Str +2) [potion of
                  | mutation]
156480 | Pan      | Gained mutation: You are frail. (-10% HP) [potion of
                  | mutation]
156480 | Pan      | Gained mutation: You have a pair of small antennae on your
                  | head. [potion of mutation]
156481 | Pan      | Lost mutation: You have a pair of small antennae on your
                  | head. [potion of mutation]
156481 | Pan      | Lost mutation: You passively map a small area around you.
                  | [potion of mutation]
156481 | Pan      | Gained mutation: Your mind is acute. (Int +2) [potion of
                  | mutation]
156481 | Pan      | Gained mutation: Your flesh is cold resistant. (rC+)
                  | [potion of mutation]
156482 | Pan      | Lost mutation: You are frail. (-10% HP) [potion of
                  | mutation]
156482 | Pan      | Lost mutation: Your flesh is cold resistant. (rC+) [potion
                  | of mutation]
156482 | Pan      | Lost mutation: You are agile. (Dex +2) [potion of mutation]
156482 | Pan      | Gained mutation: You are partially covered in slimy green
                  | scales. (AC +2) [potion of mutation]
156873 | Pan      | Noticed Lom Lobon
156926 | Pan      | Killed Lom Lobon
157338 | Pan      | Got a magical rune of Zot
157559 | Pan      | Gained mutation: Your spells are a little easier to cast,
                  | but a little less powerful. [a neqoxec]
157585 | Pan      | Gained mutation: You are frail. (-10% HP) [a cacodemon]
157642 | Pan      | Noticed Ucui the pandemonium lord
157653 | Pan      | Killed Ucui the pandemonium lord
157665 | Pan      | Gained mutation: Your magical capacity is low. (-10% MP) [a
                  | neqoxec]
157668 | Pan      | Gained mutation: You are weak. (Str -2) [a neqoxec]
157674 | Pan      | Identified the Grimoire of Ghastly Shape Shifting
157708 | Pan      | Entered the realm of Cerebov.
157948 | Pan      | Found an exit through the horrors of the Abyss.
158010 | Pan      | Identified the +6 sword of Cerebov {flame}
158010 | Pan      | Noticed Cerebov
158022 | Pan      | Killed Cerebov
158082 | Pan      | Got a scintillating amethyst amulet
158106 | Pan      | Identified the Papyrus of Freezing Aid
158128 | Pan      | Got a wavering diamond amulet
158129 | Pan      | Identified the amulet "Riddokics" {Acrobat *Drain rN+ Int+4
                  | Dex+2} (You found it in Pandemonium)
158130 | Pan      | Identified the amulet "Lestuzosh" {Acrobat rPois rC+ Dex+4
                  | SInv} (You found it in Pandemonium)
158157 | Pan      | Got a fiery rune of Zot
158319 | Pan      | Noticed Qejoh the pandemonium lord
158347 | Pan      | Gained mutation: Potions are less effective at restoring
                  | your health. [a cacodemon]
158365 | Pan      | Lost mutation: You are frail. (-10% HP) [a cacodemon]
158440 | Pan      | Lost mutation: You have a somewhat thin skeletal structure.
                  | (Dex +2, Stealth) [potion of mutation]
158440 | Pan      | Lost mutation: Your magical capacity is low. (-10% MP)
                  | [potion of mutation]
158440 | Pan      | Gained mutation: You expend magic power (3 MP) to
                  | strengthen your wands. [potion of mutation]
158440 | Pan      | Gained mutation: You are partially covered in iridescent
                  | scales. (AC +2) [potion of mutation]
158441 | Pan      | Lost mutation: You are weak. (Str -2) [potion of mutation]
158441 | Pan      | Lost mutation: You expend magic power (3 MP) to strengthen
                  | your wands. [potion of mutation]
158441 | Pan      | Lost mutation: You are partially covered in slimy green
                  | scales. (AC +2) [potion of mutation]
158441 | Pan      | Lost mutation: Potions are less effective at restoring your
                  | health. [potion of mutation]
158441 | Pan      | Gained mutation: Armour fits poorly on your strangely
                  | shaped body. [potion of mutation]
158441 | Pan      | Gained mutation: You are robust. (+10% HP) [potion of
                  | mutation]
158442 | Pan      | Lost mutation: Your mind is acute. (Int +2) [potion of
                  | mutation]
158442 | Pan      | Lost mutation: Armour fits poorly on your strangely shaped
                  | body. [potion of mutation]
158442 | Pan      | Lost mutation: You are robust. (+10% HP) [potion of
                  | mutation]
158442 | Pan      | Gained mutation: You have supernaturally acute eyesight.
                  | (SInv) [potion of mutation]
158442 | Pan      | Gained mutation: You are partially covered in rugged brown
                  | scales. (AC +1, +3% HP) [potion of mutation]
158442 | Pan      | Lost mutation: Your spells are a little easier to cast, but
                  | a little less powerful. [potion of mutation]
158532 | Pan      | Killed Qejoh the pandemonium lord
158532 | Pan      | Reached skill level 27 in Fire Magic
158871 | Pan      | Noticed Osetuw the pandemonium lord
158878 | Pan      | Killed Osetuw the pandemonium lord
159045 | Pan      | Noticed Waihuugame the pandemonium lord
159094 | Pan      | Gained mutation: You are occasionally teleported next to
                  | monsters. [a cacodemon]
159121 | Pan      | Paralysed by Waihuugame for 5 turns
159128 | Pan      | Killed Waihuugame the pandemonium lord
159310 | Pan      | Got a brightly glowing robe
159311 | Pan      | Identified the +1 robe of the Sun {rC+ rCorr Slay-6} (You
                  | found it in Pandemonium)
159420 | Pan      | Found an exit through the horrors of the Abyss.
159450 | Pan      | Gained mutation: You occasionally shout uncontrollably at
                  | your foes. [a cacodemon]
159582 | Pan      | Gained mutation: You are mostly covered in iridescent
                  | scales. (AC +4) [a neqoxec]
159584 | Pan      | Gained mutation: You sometimes yell uncontrollably at your
                  | foes. [a neqoxec]
159929 | Pan      | Noticed Xuson the pandemonium lord
159942 | Pan      | Killed Xuson the pandemonium lord
160116 | Pan      | Noticed Saceixt the pandemonium lord
160126 | Pan      | Killed Saceixt the pandemonium lord
160306 | Pan      | Noticed Peafyep the pandemonium lord
160313 | Pan      | Killed Peafyep the pandemonium lord
160466 | Pan      | Noticed Cyidaq the pandemonium lord
160487 | Pan      | Killed Cyidaq the pandemonium lord
160661 | Pan      | Noticed Suij the pandemonium lord
160674 | Pan      | Killed Suij the pandemonium lord
160741 | Pan      | Noticed Uracraro the pandemonium lord
160755 | Pan      | Killed Uracraro the pandemonium lord
161293 | Pan      | Noticed Rinnoegh the pandemonium lord
161309 | Pan      | Paralysed by Rinnoegh for 5 turns
161322 | Pan      | Killed Rinnoegh the pandemonium lord
161404 | Pan      | Paralysed by a vampire knight for 6 turns
162171 | Pan      | Gained mutation: Armour fits poorly on your strangely
                  | shaped body. [a neqoxec]
162259 | Pan      | Gained mutation: Your magical capacity is low. (-10% MP) [a
                  | neqoxec]
162290 | Pan      | Got a demonic rune of Zot
162349 | Pan      | Lost mutation: Armour fits poorly on your strangely shaped
                  | body. [potion of mutation]
162349 | Pan      | Lost mutation: You have supernaturally acute eyesight.
                  | (SInv) [potion of mutation]
162349 | Pan      | Lost mutation: Your magical capacity is low. (-10% MP)
                  | [potion of mutation]
162349 | Pan      | Lost mutation: You are mostly covered in iridescent scales.
                  | (AC +4) [potion of mutation]
162349 | Pan      | Gained mutation: Scrolls take you a little longer to read.
                  | [potion of mutation]
162349 | Pan      | Gained mutation: Your mind is acute. (Int +2) [potion of
                  | mutation]
162350 | Pan      | Lost mutation: You are partially covered in iridescent
                  | scales. (AC +2) [potion of mutation]
162350 | Pan      | Lost mutation: Your mind is acute. (Int +2) [potion of
                  | mutation]
162350 | Pan      | Lost mutation: You are occasionally teleported next to
                  | monsters. [potion of mutation]
162350 | Pan      | Gained mutation: You are clumsy. (Dex -2) [potion of
                  | mutation]
162350 | Pan      | Gained mutation: Your spells are a little harder to cast,
                  | but a little more powerful. [potion of mutation]
162350 | Pan      | Gained mutation: You evolve. [potion of mutation]
162350 | Pan      | Gained mutation: You have an increased reservoir of magic.
                  | (+10% MP) [potion of mutation]
162351 | Pan      | Lost mutation: You sometimes yell uncontrollably at your
                  | foes. [potion of mutation]
162351 | Pan      | Lost mutation: Your spells are a little harder to cast, but
                  | a little more powerful. [potion of mutation]
162351 | Pan      | Gained mutation: You are very clumsy. (Dex -4) [potion of
                  | mutation]
162351 | Pan      | Lost mutation: You occasionally shout uncontrollably at
                  | your foes. [potion of mutation]
162351 | Pan      | Gained mutation: You have a pair of small horns on your
                  | head. [potion of mutation]
162351 | Pan      | Gained mutation: You have a considerably increased
                  | reservoir of magic. (+20% MP) [potion of mutation]
162352 | Pan      | Lost mutation: You have a pair of small horns on your head.
                  | [potion of mutation]
162352 | Pan      | Lost mutation: Scrolls take you a little longer to read.
                  | [potion of mutation]
162352 | Pan      | Lost mutation: You evolve. [potion of mutation]
162352 | Pan      | Gained mutation: You have a greatly increased reservoir of
                  | magic. (+30% MP) [potion of mutation]
162352 | Pan      | Gained mutation: You have sharp toenails. [potion of
                  | mutation]
162352 | Pan      | Gained mutation: You passively map a small area around you.
                  | [potion of mutation]
162352 | Pan      | Gained mutation: You have a pair of small horns on your
                  | head. [potion of mutation]
162353 | Pan      | Lost mutation: You have sharp toenails. [potion of
                  | mutation]
162353 | Pan      | Gained mutation: You are dopey. (Int -2) [potion of
                  | mutation]
162353 | Pan      | Gained mutation: You possess an exceptional clarity of
                  | mind. [potion of mutation]
162354 | Pan      | Lost mutation: You are dopey. (Int -2) [potion of mutation]
162354 | Pan      | Lost mutation: You are very clumsy. (Dex -4) [potion of
                  | mutation]
162354 | Pan      | Lost mutation: You are clumsy. (Dex -2) [potion of
                  | mutation]
162354 | Pan      | Gained mutation: Your spells are a little harder to cast,
                  | but a little more powerful. [potion of mutation]
162354 | Pan      | Lost mutation: Your spells are a little harder to cast, but
                  | a little more powerful. [potion of mutation]
162354 | Pan      | Gained mutation: Your spells are a little harder to cast,
                  | but a little more powerful. [potion of mutation]
162355 | Pan      | Lost mutation: You have a pair of small horns on your head.
                  | [potion of mutation]
162355 | Pan      | Lost mutation: Your spells are a little harder to cast, but
                  | a little more powerful. [potion of mutation]
162355 | Pan      | Gained mutation: You are weak. (Str -2) [potion of
                  | mutation]
162355 | Pan      | Gained mutation: You expend magic power (3 MP) to
                  | strengthen your wands. [potion of mutation]
162411 | Pan      | Noticed Kikkounk the pandemonium lord
162424 | Pan      | Killed Kikkounk the pandemonium lord
162525 | Pan      | Gained mutation: You are very weak. (Str -4) [a cacodemon]
162551 | Pan      | Noticed Jeecwas the pandemonium lord
162561 | Pan      | Killed Jeecwas the pandemonium lord
162693 | Pan      | Found an exit through the horrors of the Abyss.
162702 | Pan      | Took an exit into the Abyss.
162702 | Abyss:1  | Escaped into the Abyss
162715 | Abyss:1  | Paralysed by accursed screaming for 2 turns
162774 | Abyss:1  | Paralysed by accursed screaming for 2 turns
163470 | Abyss:4  | Found a corrupted altar of Lugonu.
163595 | Abyss:4  | Found a glowing golden altar of the Shining One.
163611 | Abyss:4  | Noticed a juggernaut
163626 | Abyss:4  | Killed a juggernaut
163629 | Abyss:4  | Got an abyssal rune of Zot
163735 | Depths:3 | Escaped the Abyss
163792 | Depths:5 | Lost mutation: You have a greatly increased reservoir of
                  | magic. (+30% MP) [potion of mutation]
163792 | Depths:5 | Lost mutation: You possess an exceptional clarity of mind.
                  | [potion of mutation]
163792 | Depths:5 | Gained mutation: You have a pair of small antennae on your
                  | head. [potion of mutation]
163792 | Depths:5 | Gained mutation: You are robust. (+10% HP) [potion of
                  | mutation]
163793 | Depths:5 | Lost mutation: You have a considerably increased reservoir
                  | of magic. (+20% MP) [potion of mutation]
163793 | Depths:5 | Lost mutation: You expend magic power (3 MP) to strengthen
                  | your wands. [potion of mutation]
163793 | Depths:5 | Lost mutation: You are very weak. (Str -4) [potion of
                  | mutation]
163793 | Depths:5 | Lost mutation: You are robust. (+10% HP) [potion of
                  | mutation]
163793 | Depths:5 | Gained mutation: Scrolls take you a little longer to read.
                  | [potion of mutation]
163793 | Depths:5 | Lost mutation: You are weak. (Str -2) [potion of mutation]
163793 | Depths:5 | Gained mutation: You have a considerably increased
                  | reservoir of magic. (+20% MP) [potion of mutation]
163794 | Depths:5 | Lost mutation: You are partially covered in rugged brown
                  | scales. (AC +1, +3% HP) [potion of mutation]
163794 | Depths:5 | Lost mutation: Scrolls take you a little longer to read.
                  | [potion of mutation]
163794 | Depths:5 | Lost mutation: You have a pair of small antennae on your
                  | head. [potion of mutation]
163794 | Depths:5 | Gained mutation: You are frail. (-10% HP) [potion of
                  | mutation]
163794 | Depths:5 | Gained mutation: You have a pair of small horns on your
                  | head. [potion of mutation]
163795 | Depths:5 | Lost mutation: You are frail. (-10% HP) [potion of
                  | mutation]
163795 | Depths:5 | Lost mutation: You have a pair of small horns on your head.
                  | [potion of mutation]
163795 | Depths:5 | Gained mutation: Your flesh is cold resistant. (rC+)
                  | [potion of mutation]
163795 | Depths:5 | Gained mutation: Your body sometimes deteriorates upon
                  | taking damage. [potion of mutation]
163795 | Depths:5 | Gained mutation: You are robust. (+10% HP) [potion of
                  | mutation]
163795 | Depths:5 | Gained mutation: You have a greatly increased reservoir of
                  | magic. (+30% MP) [potion of mutation]
163796 | Depths:5 | Lost mutation: Your body sometimes deteriorates upon taking
                  | damage. [potion of mutation]
163796 | Depths:5 | Lost mutation: You are robust. (+10% HP) [potion of
                  | mutation]
163796 | Depths:5 | Lost mutation: Your flesh is cold resistant. (rC+) [potion
                  | of mutation]
163796 | Depths:5 | Gained mutation: You have a pair of small horns on your
                  | head. [potion of mutation]
163797 | Depths:5 | Lost mutation: You passively map a small area around you.
                  | [potion of mutation]
163797 | Depths:5 | Lost mutation: You have a pair of small horns on your head.
                  | [potion of mutation]
163797 | Depths:5 | Gained mutation: You are frail. (-10% HP) [potion of
                  | mutation]
163797 | Depths:5 | Gained mutation: Your flesh is cold resistant. (rC+)
                  | [potion of mutation]
163797 | Depths:5 | Gained mutation: You evolve. [potion of mutation]
163798 | Depths:5 | Lost mutation: You are frail. (-10% HP) [potion of
                  | mutation]
163798 | Depths:5 | Lost mutation: You evolve. [potion of mutation]
163798 | Depths:5 | Gained mutation: You are robust. (+10% HP) [potion of
                  | mutation]
163798 | Depths:5 | Gained mutation: You expend magic power (3 MP) to
                  | strengthen your wands. [potion of mutation]
163798 | Depths:5 | Gained mutation: You are covered in fur. (AC +1) [potion of
                  | mutation]
163959 | Zot:5    | Noticed an ancient lich
163962 | Zot:5    | Killed an ancient lich
163978 | Zot:5    | Noticed an ancient lich
163979 | Zot:5    | Noticed an orb of fire
163982 | Zot:5    | Killed an orb of fire
163982 | Zot:5    | Paralysed by an ancient lich for 3 turns
163991 | Zot:5    | Killed an ancient lich
164028 | Zot:5    | Noticed an orb of fire
164029 | Zot:5    | Gained mutation: Scrolls take you a little longer to read.
                  | [an orb of fire]
164034 | Zot:5    | Killed an orb of fire
164144 | Zot:5    | Noticed an orb of fire
164147 | Zot:5    | Noticed an ancient lich
164150 | Zot:5    | Killed an orb of fire
164159 | Zot:5    | Noticed an ancient lich
164165 | Zot:5    | Cast into level 5 of the Abyss (an ancient lich)
164165 | Abyss:5  | Entered Level 5 of the Abyss
164441 | Abyss:5  | Gained mutation: You are dopey. (Int -2) [a neqoxec]
164452 | Zot:5    | Escaped the Abyss
164467 | Zot:5    | Killed an ancient lich
164479 | Zot:5    | Killed an ancient lich
164505 | Zot:5    | Got the Orb of Zot
164744 | Depths:4 | Noticed Bipt the pandemonium lord
164764 | Depths:4 | Killed Bipt the pandemonium lord
164982 | D:11     | Noticed Retoskac the pandemonium lord
164992 | D:11     | Killed Retoskac the pandemonium lord
165283 | D:$      | Escaped with the Orb!

Illustrated notes

Levels and vault maps discovered:
D:1:      wander_arrival_peaceful_grave, layout_rooms
D:2:      layout_loops_corners, chequers_ecumenical_altar_simple_redux
D:3:      layout_rooms, lemuel_crystal_altar, first_ration,
          minmay_close_crescents
D:4:      layout_basic, serial_bayou, serial_bayou_pond_c, serial_bayou_pond_d,
          serial_bayou_lagoon_b, serial_bayou_pond_d, serial_bayou_pond_e,
          uniq_grinder
D:5:      layout_cave_pools, nicolae_ashenzari_panopticon
D:6:      layout_loops_ring, minmay_temple_entry_statues_fountains,
          chequers_serial_rivers_micro_d, lemuel_flame_loot_1
D:7:      layout_rooms, serial_co_window_serial, co_window_of_opportunity_a,
          co_window_of_opportunity_a, co_window_paths_a, co_window_paths_a,
          co_window_paths_b, co_window_paths_c, co_window_paths_c,
          co_window_unsneaky_path_d, co_window_corner_b, co_window_corner_cb,
          co_window_broadway_a, co_window_paths_c, glass_columns_b,
          glass_columns_a, glass_columns_b, glass_columns_a,
          uniq_crazy_yiuf_cottage
D:8:      layout_cave_pools, erik_lair_orcish_takeover,
          kennysheep_generic_room_8
D:9:      layout_stronghold, uniq_harold
D:10:     layout_long_grid, serial_shops, shop
D:11:     layout_loops_corners
D:12:     layout_gridville, hiddenorc1_lemuel, st_stairs_1, uniq_urug
D:13:     layout_roguey, hangedman_vaults_entry_quadrant_bands, grunt_ogre_cave
D:14:     layout_gridville, kennysheep_another_room, uniq_jorgrun
D:15:     grunt_enter_depths_giant_problem, layout_loops_cross,
          doesnt_xom_only_xom
Temple:   compressed_dpeg_triangle_lava_temple
Lair:1:   layout_long_grid, gammafunk_ghost_abyssal_escape, grunt_megastairs_5
Lair:2:   layout_gridlike, minmay_snake_entry_six_corridors, grunt_megastairs_1
Lair:3:   layout_long_grid, grunt_megastairs_2
Lair:4:   layout_cave_shapes, elwin_shoals_entry_stream, serial_bayou_shore_a
Lair:5:   layout_long_grid, minmay_slime_entry_pillars, hibernation_bobbens,
          lemuel_fruit_tree
Lair:6:   grunt_lair_end_beastmaster, layout_hall_layers, wad_woods_river_01,
          serial_bayou_shore_b
Shoals:1: layout_shoals, portal_ice_cave_entry_dragon, argonaut_gorgonesque,
          uniq_nikola
Shoals:2: layout_shoals, st_sunken_huts, uniq_aizul, uniq_donald
Shoals:3: cheibrodos_shoals_gigantism, layout_shoals
Shoals:4: shoals_end_grunt_garden, layout_shoals, uniq_kirke
Snake:1:  layout_grid_maze, uniq_roxanne
Snake:2:  layout_onion
Snake:3:  nicolae_aizul_guard, layout_onion, serial_shops, shop
Snake:4:  grunt_snake_rune_pools, layout_gridlike, basic_altar
Slime:1:  layout_caves
Slime:2:  layout_caves, cheibrodos_slime_lost_civilization_4
Slime:3:  layout_caves
Slime:4:  layout_caves, nicolae_slime_barrier, nicolae_slime_welcoming_committee
Slime:5
Orc:1:    layout_caves, enter_volcano_1
Orc:2:    st_orc_open, layout_caves, serial_shops, nicolae_shop_crystal,
          nicolae_orc_lava_room
Elf:1:    eino_elf_arrival_customs, layout_gridlike, serial_shops,
          nicolae_shop_statue_plus, shop_fountains, shop_statue,
          kennysheep_underground_church, roderic_lattice_octagonal_star
Elf:2:    layout_loops_ring, serial_shops, nicolae_shop_statue_plus,
          uniq_asterion, uniq_azrael
Elf:3:    nooodl_elf_gasket, layout_geoelf_castle, serial_shops, shop
Vaults:1: nicolae_vaults_alarming, nicolae_vaults_fighting_squares,
          vaults_room_boxed, nicolae_vaults_triangles,
          nicolae_vaults_twisting_passages, v_alt_pattern_4,
          nicolae_vaults_network_square, grunt_vaults_funnel,
          vaults_dpeg_diagonal, layout_vaults_big_cross, serial_shops, shop
Vaults:2: v_misc_15, nicolae_vaults_border_crossing,
          minmay_crypt_entry_simple_corners, v_misc_19,
          hangedman_vaults_river_flow, nicolae_vaults_little_squares_3,
          st_smaller_cells, layout_vaults_omnigrid
Vaults:3: ontoclasm_vaults_eye, ontoclasm_vaults_chip, v_misc_11,
          hangedman_vaults_restitches, v_misc_3, v_alt_pattern_5,
          vaults_room_stairs_pillars, v_misc_15, layout_vaults_ring,
          serial_shops, shop, shop, nicolae_shop_trees,
          nicolae_shop_behind_doors, nicolae_shop_behind_doors
Vaults:4: st_quartered_hall, v_misc_31, v_misc_1, grunt_vaults_trifunnel,
          nicolae_vaults_network_periphery, nicolae_vaults_yaktaur_gun_rack,
          vaults_room_large_hall, dpeg_vaults_monster_box,
          layout_vaults_big_room, serial_shops, shop, uniq_margery
Vaults:5: uniq_xtahua
Crypt:1:  layout_gridlike, grunt_crypt_arrival_split
Crypt:2:  layout_chaotic_city, uniq_frederick
Crypt:3:  church_of_pain_bobbens, layout_chaotic_city, grunt_megastairs_4,
          uniq_boris
Tomb:1
Tomb:2
Tomb:3
Depths:1: layout_small_grid, hell_entry, evilmike_spriggan_trog_shrine,
          hangedman_decor_cross_pass, minmay_shop_grove, uniq_bai_suzhen,
          uniq_sojobo
Depths:2: constructs_gauntlet_mu_hangedman, layout_gridlike, enter_ziggurat_d,
          hell_entry, minmay_misc_feat_secret_circle, infiniplex_staircase_star
Depths:3: lightli_eight_chambers, layout_gridlike, minmay_parallelograms,
          pf_coc_iceberg, abyss_entry, pan_entry, serial_sigils_hangedman_shear
Depths:4: minmay_polygon_palace, layout_cave_pools, abyss_entry, pan_entry,
          grunt_mini_vestibule, kennysheep_cross_bottleneck, serial_shops,
          shop_coins
Depths:5: grunt_crosshair, layout_gridlike, rand_demon_pan_entry_8,
          chequers_jeans, hell_entry, minmay_shoptagon, serial_bayou_shore_b
Hell
Dis:1:    layout_subdivisions
Dis:2:    layout_jigsaw, grunt_megastairs_3
Dis:3:    layout_jigsaw
Dis:4:    layout_jigsaw
Dis:5:    layout_jigsaw, lemuel_elevator
Dis:6:    layout_subdivisions, evilmike_ambush [evilmike_ambush_outer_corners,
          evilmike_ambush_inner_pond]
Dis:7:    iron_city_of_dis [dis_grunt, dis_wall_8], layout_chaotic_city
Geh:1:    minmay_firetagon, layout_gehenna_lava_caves
Geh:2:    layout_gehenna_lava_caves, not_door_vault_mu
Geh:3:    layout_gehenna_lava_caves
Geh:4:    layout_gehenna_pools_basic
Geh:5:    layout_gehenna_lava_caves, lemuel_flamethrower_2
Geh:6:    layout_gehenna_lava_caves
Geh:7:    geh_old
Coc:1:    layout_ice_bergs
Coc:2:    layout_cocytus_water_paths
Coc:3:    layout_cocytus_water_paths
Coc:4:    layout_ice_bergs
Coc:5:    layout_ice_bergs
Coc:6:    layout_ice_bergs
Coc:7:    coc_mu
Tar:1:    layout_grid_maze
Tar:2:    layout_grid_maze, nicolae_tar_cuneiform_water
Tar:3:    layout_catacombs
Tar:4:    layout_grid_maze
Tar:5:    layout_grid_maze
Tar:6:    layout_grid_maze, nicolae_tar_cuneiform_oil
Tar:7:    tar_grunt, tar_grunt_ereshkigal, tar_grunt_big_loot,
          tar_grunt_small_loot, tar_grunt_small_loot, tar_grunt_small_loot,
          tar_grunt_small_decor_pillar, tar_grunt_decor_circle_5,
          tar_grunt_small_decor_pillar, tar_grunt_decor_cross_diag,
          tar_grunt_decor_octagon_7, tar_grunt_small_decor_pillar,
          tar_grunt_decor_8, tar_grunt_decor_3, tar_grunt_small_decor_pillar,
          tar_grunt_decor_cross_ortho, tar_grunt_small_decor_pillar,
          tar_grunt_small_decor_pillar, tar_grunt_decor_1,
          tar_grunt_decor_circle_5, tar_grunt_small_decor_pillar
Zot:1:    layout_gridlike, zot_minivault_5, uniq_tiamat
Zot:2:    layout_onion_interference, grunt_ministairs_15
Zot:3:    layout_misc_corridors, st_single_dragon_hoard_4,
          nicolae_transmutations_shop
Zot:4:    layout_twisted_circle
Zot:5:    layout_basic

Skill      XL: |  1  2  3  4  5  6  7  8  9 10 11 12 13 14 15 16 17 18 19 20 21 22 23 24 25 26 27 |
---------------+----------------------------------------------------------------------------------+-----
Earth Magic    | 4 5 10 12 | 12.2
Spellcasting   | 3 4 5 6 8 10 11 12 14 15 16 17 18 19 21 27 | 27.0
Transmutations | 1 3 8 21 | 21.5
Conjurations   | 3 4 8 10 11 14 15 16 19 22 27 | 27.0
Fighting       | 4 7 10 27 | 27.0
Short Blades   | 3 |  3.3
Shields        | 6 10 13 15 27 | 27.0
Invocations    | 2 8 9 24 | 24.1
Ice Magic      | 2 27 | 27.0
Necromancy     | 2 5 9 12 | 12.9
Fire Magic     | 6 9 11 12 15 17 27 | 27.0
Dodging        | 11 12 27 | 27.0
Summonings     | 6 7 |  7.4
Translocations | 23 | 23.8
Axes           | 27 | 27.0
Evocations     | 24 | 24.1
Armour         | 27 | 27.0
Air Magic      | 26 | 26.7
Throwing       | 20 | 20.0
Stealth        | 17 | 17.7
Polearms       | |  0.1

Action                   |  1- 3 |  4- 6 |  7- 9 | 10-12 | 13-15 | 16-18 | 19-21 | 22-24 | 25-27 || total
-------------------------+-------+-------+-------+-------+-------+-------+-------+-------+-------++-------
Melee: Unarmed           |    18 |       |       |       |       |       |       |       |       ||    18
       Spear             |    43 |    30 |       |       |       |       |       |       |       ||    73
       Dagger            |       |    53 |   249 |   378 |   115 |   105 |    43 |    10 |       ||   953
       Mace              |       |       |     1 |     1 |   242 |    20 |    22 |    26 |    67 ||   379
       Broad axe         |       |       |       |       |       |       |       |       |  5001 ||  5001
       War axe           |       |       |       |       |       |       |       |       |   483 ||   483
       Staff             |       |       |       |       |       |       |       |       |     2 ||     2
Throw: Stone             |       |       |       |       |       |     1 |       |       |       ||     1
       Javelin           |       |       |       |       |       |       |       |       |     5 ||     5
 Cast: Sandblast         |    21 |    54 |    86 |     3 |     6 |       |       |       |       ||   170
       Stone Arrow       |       |       |    33 |   281 |   585 |    34 |     1 |    14 |       ||   948
       Passwall          |       |       |     2 |     7 |     2 |       |       |       |       ||    11
       Lee's Rapid Decon |       |       |       |     7 |    25 |    48 |    92 |   163 |   151 ||   486
       Hailstorm         |       |       |       |       |    88 |    19 |       |       |     1 ||   108
       Borgnjor's Vile C |       |       |       |       |    51 |   242 |   257 |   315 |   337 ||  1202
       Fireball          |       |       |       |       |    11 |   250 |   182 |   261 |   122 ||   826
       Starburst         |       |       |       |       |       |     2 |       |     1 |       ||     3
       Orb of Destructio |       |       |       |       |       |    25 |    41 |    42 |    21 ||   129
       Bolt of Magma     |       |       |       |       |       |     7 |    63 |    80 |   156 ||   306
       Aura of Abjuratio |       |       |       |       |       |       |     5 |     2 |    13 ||    20
       Fire Storm        |       |       |       |       |       |       |       |       |   546 ||   546
       Controlled Blink  |       |       |       |       |       |       |       |       |   209 ||   209
       Ignition          |       |       |       |       |       |       |       |       |   148 ||   148
       Tornado           |       |       |       |       |       |       |       |       |    36 ||    36
       Necromutation     |       |       |       |       |       |       |       |       |    32 ||    32
       Absolute Zero     |       |       |       |       |       |       |       |       |     8 ||     8
       Lehudib's Crystal |       |       |       |       |       |       |       |       |     7 ||     7
       Silence           |       |       |       |       |       |       |       |       |     1 ||     1
       Apportation       |       |       |       |       |       |       |       |       |     1 ||     1
Invok: Channel Magic     |       |       |       |       |       |     5 |     4 |     4 |    59 ||    72
       Forget Spell      |       |       |       |       |       |       |       |       |     3 ||     3
       Brand Weapon With |       |       |       |       |       |       |       |       |     1 ||     1
 Abil: Fly               |       |       |       |       |     1 |       |       |       |     1 ||     2
       End Transformatio |       |       |       |       |       |       |       |       |     6 ||     6
       Stop Flying       |       |       |       |       |       |       |       |       |     1 ||     1
Evoke: Wand              |       |       |     8 |     6 |     6 |    10 |       |       |     2 ||    32
       Staff of Wucad Mu |       |       |       |       |       |       |       |       |    26 ||    26
       Figurine of a zig |       |       |       |       |       |       |       |       |     3 ||     3
  Use: Scroll            |       |       |    11 |     8 |    15 |    10 |     7 |     5 |   154 ||   210
       Potion            |       |       |       |       |     1 |     1 |     2 |       |   143 ||   147
 Stab: Sleeping          |     7 |     1 |     4 |     4 |     1 |       |       |       |       ||    17
       Distracted        |       |       |     1 |       |       |       |       |       |       ||     1
       Confused          |       |       |       |     3 |       |       |       |       |       ||     3
       Petrified         |       |       |       |       |       |     1 |       |       |       ||     1
  Eat: Chunk             |     3 |     5 |    19 |    27 |    49 |    43 |    44 |    23 |    38 ||   251
       Ration            |       |       |       |     2 |     2 |    10 |     7 |    10 |    65 ||    96
Armor: Robe              |    17 |    31 |    90 |   266 |   338 |   202 |    90 |   166 |   380 ||  1580
       Ring mail         |       |       |       |       |       |       |     7 |       |    92 ||    99
       Plate armour      |       |       |       |       |       |       |       |       |  1226 ||  1226
Dodge: Dodged            |    41 |    77 |   166 |   376 |   348 |   223 |   105 |   200 |  2186 ||  3722
Block: Kite shield       |       |       |       |       |   296 |   363 |   170 |   256 |   705 ||  1790
       Reflection        |       |       |       |       |       |    73 |    70 |    87 |   220 ||   450
       Tower shield      |       |       |       |       |       |       |       |       |  6092 ||  6092
